 Dungeon Crawl Stone Soup version 0.30.0-15-g856e2d3f33 (webtiles) character file.

Game seed: 16692213253919010258

1246677 wolfgangpup the Conqueror (level 27, -1/273 HPs)
             Began as a Minotaur Chaos Knight on May 19, 2023.
             Was the Champion of Zin.
             Killed from afar by a Hell Sentinel (31 damage)
             ... with damnation
             ... on level 7 of the Iron City of Dis.
             The game lasted 05:49:06 (103354 turns).

wolfgangpup the Conqueror (Minotaur Chaos Knight) Turns: 103354, Time: 05:49:06

Health: -1/273     AC: 37    Str: 43    XL:     27
Magic:  48/48      EV: 35    Int: 20    God:    Zin [******]
Gold:   11468      SH: 35    Dex: 25    Spells: 26/26 levels left

rFire   + + +        S - +9 broad axe (holy)
rCold   + + +        w - +2 tower shield {rF+}
rNeg    + + +        N - +12 gold dragon scales rPois โˆž
                     Z - -2 hat of the Alchemist {rElec rPois rF+ rC+ rN+ Will+ rMut rCorr}
rElec   +            t - scarf {rC+ rF+}
rCorr   +            R - +2 pair of gloves {Str+3}
SInv    +            q - +2 pair of boots of Ynniofeu {rN+ rCorr MP+9}
Will    +++..        D - amulet "Fadys" {Reflect Int+2 SH+5 SInv} Stlth
                     O - ring of Dim Light {rElec rCorr Dex+6 Slay+6}
HPRegen 0.65/turn    M - ring "Sogavak" {rF+ rN+ rCorr EV+5}
MPRegen 0.31/turn

%: reflection, resist mutation
@: vitalised, on recite cooldown, studying 3 skills, corroded
A: horns 2, retaliatory headbutt
}: 13/15 runes: decaying, slimy, silver, obsidian, icy, bone, abyssal, demonic,
glowing, magical, fiery, dark, gossamer
a: Renounce Religion, Recite, Vitalisation, Imprison, Sanctuary, Donate Gold


You were on level 7 of the Iron City of Dis.
You worshipped Zin.
Zin was exalted by your worship.
You visited 17 branches of the dungeon, and saw 81 of its levels.
You visited Pandemonium 1 time, and saw 21 of its levels.
You visited the Abyss 8 times.
You visited 1 ziggurat, and saw 17 of its levels.
You also visited: Sewer, Bailey, Gauntlet and Wizlab.

You collected 17515 gold pieces.
You spent 2679 gold pieces at shops.
You donated 3368 gold pieces to Zin.

Inventory:

Hand Weapons
 k - a +9 broad axe of freezing
 S - a +9 broad axe of holy wrath (weapon)
Missiles
 e - 7 curare-tipped darts
 v - 2 throwing nets
 z - 14 silver boomerangs
 X - 11 silver javelins (quivered)
Armour
 f - a +1 tower shield of reflection
 n - the -1 pair of boots of the End {Fly rC++ Regen+ Stlth-}
   (You acquired it on level 3 of the Lair of Beasts)

   rC:        It greatly protects you from cold.
   Fly:       It grants you flight.
   Regen:     It increases your rate of health regeneration.
   Stlth:     It makes you less stealthy.
 q - the +2 pair of boots of Ynniofeu (worn) {rN+ rCorr MP+9}
   (You acquired it in Pandemonium)

   rN:        It protects you from negative energy.
   MP:        It affects your magic capacity (+9).
   rCorr:     It protects you from acid and corrosion.
 t - a scarf of resistance (worn)
 w - a +2 tower shield of fire resistance (worn)
 N - +12 gold dragon scales (worn)
 R - a +2 pair of gloves of strength (worn)
 Z - the -2 hat of the Alchemist (worn) {rElec rPois rF+ rC+ rN+ Will+ rMut rCorr}
   (You found it on level 16 of a ziggurat)

   rF:        It protects you from fire.
   rC:        It protects you from cold.
   rElec:     It insulates you from electricity.
   rPois:     It protects you from poison.
   rN:        It protects you from negative energy.
   rCorr:     It protects you from acid and corrosion.
   rMut:      It protects you from mutation.
   Will:      It increases your willpower.
Jewellery
 b - the ring of Tuoth {Contam rF+ rC+ MP+9 Dex+3}
   (You found it on level 7 of Tartarus)

   [ring of protection from cold]

   Dex:       It affects your dexterity (+3).
   rF:        It protects you from fire.
   rC:        It protects you from cold.
   MP:        It affects your magic capacity (+9).
   Contam:    It causes magical contamination when unequipped.
 d - the ring of the Hare {EV+10}
   (You found it on level 17 of a ziggurat)

   [ring of evasion]

   EV:        It affects your evasion (+10).
 A - the ring "Tatyffoi" {EV+5 SInv}
   (You took it off a demonspawn blood saint in Pandemonium)

   [ring of evasion]

   EV:        It affects your evasion (+5).
   SInv:      It lets you see invisible.
 D - the amulet "Fadys" (around neck) {Reflect Int+2 SH+5 SInv}
   (You bought it in a shop on level 5 of the Vaults)

   [amulet of reflection]

   It reflects blocked missile attacks.
   Int:       It affects your intelligence (+2).
   SInv:      It lets you see invisible.
   SH:        It affects your SH (+5).
 M - the ring "Sogavak" (right hand) {rF+ rN+ rCorr EV+5}
   (You found it on level 6 of a ziggurat)

   [ring of evasion]

   EV:        It affects your evasion (+5).
   rF:        It protects you from fire.
   rN:        It protects you from negative energy.
   rCorr:     It protects you from acid and corrosion.
 O - the ring of Dim Light (left hand) {rElec rCorr Dex+6 Slay+6}
   (You found it on level 5 of the Pits of Slime)

   [ring of dexterity]

   Dex:       It affects your dexterity (+6).
   Slay:      It affects your accuracy & damage with ranged weapons and melee
   (+6).
   rElec:     It insulates you from electricity.
   rCorr:     It protects you from acid and corrosion.
 V - the amulet of Zerphoah {Reflect Str+5 SH+5}
   (You found it on level 16 of a ziggurat)

   [amulet of reflection]

   It reflects blocked missile attacks.
   Str:       It affects your strength (+5).
   SH:        It affects your SH (+5).
Wands
 h - a wand of quicksilver (65)
 j - a wand of flame (136)
 m - a wand of mindburst (68)
 B - a wand of digging (11)
 E - a wand of roots (134)
 Y - a wand of paralysis (117)
Scrolls
 i - 40 scrolls of teleportation
 u - 5 scrolls of poison
 y - 9 scrolls of blinking
 C - 16 scrolls of fog
 I - 8 scrolls of magic mapping
 L - 11 scrolls of summoning
 Q - 12 scrolls of fear
 W - a scroll of silence
Potions
 a - a potion of heal wounds
 c - 2 potions of might
 l - 8 potions of cancellation
 p - 12 potions of mutation
 r - 9 potions of flight
 F - 6 potions of invisibility
 G - 5 potions of berserk rage
 H - 3 potions of haste
 J - 2 potions of resistance
 K - 18 potions of curing
 P - 8 potions of magic
Miscellaneous
 g - a lightning rod (4/4)
 T - a phantom mirror


   Skills:
 O Level 27 Fighting
 O Level 27 Axes
 + Level 0.5(18.0) Maces & Flails
 O Level 27 Throwing
 O Level 27 Armour
 O Level 27 Dodging
 - Level 13.7 Stealth
 O Level 27 Shields
 O Level 27 Invocations
 * Level 21.0 Evocations


You had 26 spell levels left.
You didn't know any spells.
Your spell library contained the following spells:

 Spells                   Type           Power      Damage    Failure   Level
 Apportation              Tloc           0%         N/A       52%         1
 Foxfire                  Conj/Fire      0%         2x1d4     52%         1
 Freeze                   Ice            0%         1d3       52%         1
 Magic Dart               Conj           0%         1d3       52%         1
 Necrotise                Necr           0%         1d4       52%         1
 Sandblast                Erth           0%         2d4       52%         1
 Shock                    Conj/Air       0%         1d3       52%         1
 Slow                     Hex            0%         N/A       52%         1
 Sting                    Tmut/Pois      0%         1d3       52%         1
 Summon Small Mammal      Summ           0%         N/A       52%         1
 Blink                    Tloc           0%         N/A       67%         2
 Call Imp                 Summ           0%         N/A       67%         2
 Cigotuvi's Dreadful Rot  Necr/Pois/Air  0%         N/A       67%         2
 Ensorcelled Hibernation  Hex/Ice        0%         N/A       67%         2
 Lesser Beckoning         Tloc           0%         N/A       67%         2
 Momentum Strike          Conj/Tloc      0%         3d8       67%         2
 Passwall                 Tmut/Erth      0%         N/A       67%         2
 Poisonous Vapours        Pois/Air       0%         N/A       67%         2
 Scorch                   Fire           0%         2d5       67%         2
 Sublimation of Blood     Necr           0%         N/A       67%         2
 Wereblood                Tmut           0%         N/A       67%         2
 Call Canine Familiar     Summ           0%         N/A       88%         3
 Confusing Touch          Hex            0%         N/A       88%         3
 Dazzling Flash           Conj/Hex       0%         N/A       88%         3
 Frozen Ramparts          Ice            0%         1d1       88%         3
 Gell's Gravitas          Tloc           0%         N/A       88%         3
 Hailstorm                Conj/Ice       0%         3d3       88%         3
 Ignite Poison            Fire/Tmut/Pois 0%         N/A       88%         3
 Inner Flame              Hex/Fire       0%         N/A       88%         3
 Mephitic Cloud           Conj/Pois/Air  0%         N/A       88%         3
 Ozocubu's Armour         Ice            0%         N/A       88%         3
 Portal Projectile        Hex/Tloc       0%         N/A       88%         3
 Spider Form              Tmut/Pois      0%         N/A       88%         3
 Stone Arrow              Conj/Erth      0%         3d7       88%         3
 Summon Guardian Golem    Hex/Summ       0%         N/A       88%         3
 Swiftness                Air            0%         N/A       88%         3
 Teleport Other           Tloc           0%         N/A       88%         3
 Tukima's Dance           Hex            0%         N/A       88%         3
 Vampiric Draining        Necr           0%         2d6       88%         3
 Vhi's Electric Charge    Tloc/Air       0%         N/A       88%         3
 Volatile Blastmotes      Fire/Tloc      0%         2d10      88%         3
 Airstrike                Air            0%         2d(0-16)  99%         4
 Anguish                  Hex/Necr       0%         N/A       99%         4
 Animate Armour           Summ/Erth      0%         N/A       99%         4
 Cause Fear               Hex            0%         N/A       99%         4
 Dispel Undead            Necr           0%         3d6       99%         4
 Flame Wave               Conj/Fire      0%         2d4       99%         4
 Fulminant Prism          Conj/Hex       0%         3d5       99%         4
 Ice Form                 Ice/Tmut       0%         N/A       99%         4
 Iskenderun's Mystic Bla  Conj/Tloc      0%         2d3       99%         4
 Leda's Liquefaction      Hex/Erth       0%         N/A       99%         4
 Olgreb's Toxic Radiance  Pois           0%         N/A       99%         4
 Passage of Golubria      Tloc           0%         N/A       99%         4
 Petrify                  Tmut/Erth      0%         N/A       99%         4
 Sticky Flame             Conj/Fire      0%         2d3       99%         4
 Summon Ice Beast         Ice/Summ       0%         N/A       99%         4
 Summon Lightning Spire   Summ/Air       0%         N/A       99%         4
 Agony                    Necr           0%         N/A       100%        5
 Alistair's Intoxication  Tmut/Pois      0%         N/A       100%        5
 Arcjolt                  Conj/Air       0%         1d10      100%        5
 Blade Hands              Tmut           0%         N/A       100%        5
 Borgnjor's Vile Clutch   Necr/Erth      0%         N/A       100%        5
 Fireball                 Conj/Fire      0%         3d3       100%        5
 Freezing Cloud           Conj/Ice/Air   0%         6-21      100%        5
 Irradiate                Conj/Tmut      0%         3d11      100%        5
 Iskenderun's Battlesphe  Conj           0%         2d6       100%        5
 Lee's Rapid Deconstruct  Erth           0%         3d4*      100%        5
 Metabolic Englaciation   Hex/Ice        0%         N/A       100%        5
 Silence                  Hex/Air        0%         N/A       100%        5
 Summon Mana Viper        Hex/Summ       0%         N/A       100%        5
 Yara's Violent Unravell  Hex/Tmut       0%         3d3       100%        5
 Conjure Ball Lightning   Conj/Air       0%         3x3d6     100%        6
 Death Channel            Necr           0%         N/A       100%        6
 Dispersal                Tloc           0%         N/A       100%        6
 Eringya's Noxious Bog    Tmut/Pois      0%         N/A       100%        6
 Iron Shot                Conj/Erth      0%         9d1       100%        6
 Plasma Beam              Fire/Air       0%         2x1d11    100%        6
 Simulacrum               Ice/Necr       0%         N/A       100%        6
 Starburst                Conj/Fire      0%         6d3       100%        6
 Statue Form              Tmut/Erth      0%         N/A       100%        6
 Summon Cactus Giant      Summ           0%         N/A       100%        6
 Enfeeble                 Hex            0%         N/A       100%        7
 Malign Gateway           Summ/Tloc      0%         N/A       100%        7
 Monstrous Menagerie      Summ           0%         N/A       100%        7
 Orb of Destruction       Conj           0%         9d5       100%        7
 Ozocubu's Refrigeration  Ice            0%         4d7       100%        7
 Spellforged Servitor     Conj/Summ      0%         N/A       100%        7
 Storm Form               Tmut/Air       0%         N/A       100%        7
 Summon Hydra             Summ           0%         N/A       100%        7
 Borgnjor's Revivificati  Necr           0%         N/A       100%        8
 Discord                  Hex            0%         N/A       100%        8
 Disjunction              Tloc           0%         N/A       100%        8
 Ignition                 Fire           0%         3d3       100%        8
 Lehudib's Crystal Spear  Conj/Erth      0%         10d2      100%        8
 Maxwell's Capacitive Co  Air            0%         โˆž       100%        8
 Summon Horrible Things   Summ           0%         N/A       100%        8
 Chain Lightning          Conj/Air       0%         N/A       100%        9
 Dragon's Call            Summ           0%         N/A       100%        9
 Fire Storm               Conj/Fire      0%         5d1       100%        9
 Polar Vortex             Ice            0%         N/A       100%        9
 Shatter                  Erth           0%         3d5*      100%        9


Dungeon Overview and Level Annotations

Branches:
Dungeon (15/15)            Temple (1/1) D:6            Lair (5/5) D:11
  Swamp (4/4) Lair:3       Spider (4/4) Lair:2        Slime (5/5) Lair:4
    Orc (2/2) D:9             Elf (3/3) Orc:2        Vaults (5/5) D:14
  Crypt (3/3) Vaults:2       Tomb (1/3) Crypt:3      Depths (4/4) D:15
   Hell (visited)             Dis (7/7) Hell            Geh (7/7) Hell
    Coc (7/7) Hell            Tar (7/7) Hell            Zot (0/5) Depths:4
  Sewer (visited)          Bailey (visited)          WizLab (visited)
Gauntlet (visited)

Altars:
Ashenzari
Cheibriados
Dithmenos
Elyvilon
Fedhas
Gozag
Hepliaklqana
Kikubaaqudgha
Makhleb
Nemelex Xobeh
Okawaru
Qazlal
Ru
Sif Muna
Trog
Uskayaw
Vehumet
Wu Jian
Xom
Yredelemnul
Zin
The Shining One
Jiyva
Lugonu

Shops:
D:8 :!   D:9 (   D:13 =   Orc:1 *   Orc:2 [*?(   Elf:1 :   Elf:2 (
Vaults:1 =:   Vaults:3 ?   Vaults:5 =   Depths:1 ?

Portals:
Hell: Depths:1 Depths:2 Depths:3 Depths:4
Abyss: Depths:1 Depths:3
Pandemonium: Depths:2

Annotations:
D:14 3 runed translucent doors, Cofimnas's ghost, journeyman FoFi
Lair:5 exclusion: obsidian statue
Swamp:4 3 runed translucent doors, Strat's ghost, adept VSAr; superbruh's ghost, adept DsGl
Vaults:5 corrupted


Innate Abilities, Weirdness & Mutations

You have a pair of horns on your head.
You reflexively headbutt those who attack you in melee.


Message History

You block the crystal echidna's attack.
The Hell Sentinel is lost in a daze.
You block the Hell Sentinel's attack. The Hell Sentinel closely misses you.
You slice the Hell Sentinel!!
The Hell Sentinel convulses!!
You headbutt the Hell Sentinel.
The Hell Sentinel is severely wounded.
You chop the crystal echidna into pieces!!!
You destroy the crystal echidna!
You closely miss the quicksilver elemental.
You block the quicksilver elemental's attack.
Your Evocations skill increases to level 21!
You slice the Hell Sentinel!!
The Hell Sentinel convulses!!
You kill the Hell Sentinel!
You open the quicksilver elemental like a pillowcase!!!
You destroy the quicksilver elemental!
The Hell Sentinel gestures at you.
The sphere of damnation explodes!
The damnation engulfs you!
You hear a roar!
You hear a shout!
The Hell Sentinel is lost in a daze.
The Hell Sentinel gestures at you.
The sphere of damnation explodes!
The damnation engulfs you!!
* * * LOW HITPOINT WARNING * * *
You hear a shout! x2
The iron giant throws the Hell Sentinel at you!
The Hell Sentinel gestures at you.
The sphere of damnation explodes!
The damnation engulfs you!!
* * * LOW HITPOINT WARNING * * *
The damnation engulfs the Hell Sentinel.
The Hell Sentinel completely resists.
You feel much better. The Hell Sentinel gestures at you.
The sphere of damnation explodes!
The damnation engulfs you!!!
* * * LOW HITPOINT WARNING * * *
The damnation engulfs the Hell Sentinel.
The Hell Sentinel completely resists.
Blink to where?
Press: ? - help, Dir - move target
As you read the scroll of blinking, it crumbles to dust.
The Hell Sentinel gestures at you.
The sphere of damnation explodes!
The damnation engulfs you!!
You die...

################
#..#.......#..@#
..#..#..~~~..#...#
..#..#.~~~~~.#...#
..#..#.~~~~~.##'## .
##'#.~~~~~.....#
#.....~~~......#
#..........1...####'##
###.)))......ยง...)......
......####'###.....C....


You could see a Hell Sentinel (dazed).

Vanquished Creatures
  Cerebov (Pan)
  Antaeus (Coc:7)
  the Royal Jelly (Slime:5)
  Asmodeus (Geh:7)
  Ereshkigal (Tar:7)
  Gloorx Vloq (Pan)
  Mnoleg (Pan)
  Lom Lobon (Pan)
  4 dread liches
  Mennas (Abyss:4)
  An ancient lich (Zig:9)
  11 juggernauts
  Sojobo (Abyss:4)
  Boris (Depths:3)
  4 Killer Klowns
  19 shard shrikes
  Margery (Crypt:2)
  Saint Roka (Vaults:1)
  16 caustic shrikes
  Geryon (Hell)
  12 golden dragons
  Jory (Crypt:2)
  16 pandemonium lords
  the Enchantress (Abyss:4)
  Arachne (Elf:2)
  11 profane servitors
  8 doom hounds
  19 bone dragons
  14 iron giants
  18 Brimstone Fiends
  20 hellephants
  2 shard shrike zombies
  Jorgrun (Spider:2)
  30 Tzitzimimeh
  A spectral shard shrike (Tar:4)
  27 Hell Sentinels
  Zenata (Crypt:2)
  25 Ice Fiends
  Rupert (Abyss:4)
  5 quicksilver dragons
  16 tainted leviathans
  5 tentacled monstrosities
  9 titans
  24 searing wretches
  2 deep elf master archers (Elf:3)
  5 liches
  2 deep elf blademasters (Elf:3)
  22 acid blobs
  31 ancient champions
  34 Executioners
  12 tentacled starspawn
  An eldritch tentacle (Pan)
  2 thorn hunters
  12 sphinxes
  Frances (Spider:2)
  Kirke (D:14)
  36 azure jellies
  6 shadow dragons
  4 storm dragons
  Donald (Elf:3)
  4 revenants
  15 fire giants
  12 rockslimes
  3 tengu reavers
  A fenstrider witch (shapeshifter) (Zig:4)
  15 demonspawn warmongers (Pan)
  8 quicksilver elementals
  An azure jelly (shapeshifter) (Zig:10)
  2 fenstrider witches
  23 narguns
  10 emperor scorpions
  10 deep elf sorcerers
  A frost giant (shapeshifter) (Vaults:5)
  10 frost giants
  9 iron dragons
  9 ghost moths
  52 balrugs
  4 curse skulls
  2 draconian shifters (Abyss:5)
  Louise (Spider:1)
  2 spectral caustic shrikes
  A spectral juggernaut (Tar:1)
  10 vault wardens
  12 shard shrike simulacra
  A juggernaut zombie (Crypt:3)
  3 spriggan defenders (Depths:3)
  6 deep elf elementalists
  10 orc warlords
  A caustic shrike zombie (Crypt:3)
  31 cacodemons
  8 demonspawn blood saints (Pan)
  13 demonspawn corrupters (Pan)
  A draconian annihilator (Pan)
  36 reapers
  4 ghouls
  A stone giant (shapeshifter) (Zig:10)
  A juggernaut skeleton (Crypt:2)
  A broodmother (shapeshifter) (Abyss:4)
  15 quicksilver oozes
  16 demonspawn black suns (Pan)
  25 war gargoyles
  23 stone giants
  15 ironbound preservers
  3 ironbound thunderhulks
  An eleionoma (shapeshifter) (Vaults:5)
  Nessos (Abyss:4)
  22 elemental wellsprings
  25 vampire knights
  2 broodmothers
  27 putrid mouths
  29 very ugly things
  6 eleionomae
  28 lorocyprocas
  4 bunyips
  10 deep elf demonologists
  A minotaur (Gauntlet)
  Azrael (D:14)
  A black draconian (Depths:4)
  2 purple draconians (Depths:4)
  9 spark wasps
  A yellow draconian (Abyss:4)
  12 deep elf annihilators
  20 dire elephants
  21 wendigos
  2 orange crystal statues
  9 eidola
  46 blizzard demons (Pan)
  7 deep elf death magi
  A merfolk impaler (Depths:2)
  25 green deaths
  A crystal guardian (Vaults:4)
  Josephine (Abyss:4)
  2 mummy priests (Tomb:1)
  11 fire dragons
  15 ettins
  A spectral golden dragon (Tar:5)
  A merfolk javelineer (Zig:5)
  A quicksilver dragon zombie (Crypt:3)
  A spectral quicksilver dragon (Tar:1)
  29 iron golems
  5 shambling mangroves
  4 entropy weavers
  6 deep elf high priests
  17 vault guards
  11 jiangshi
  11 yaktaur captains
  12 hydras
  6 rakshasas
  12 great orbs of eyes
  A peacekeeper (Vaults:4)
  6 salamander tyrants
  The ghost of bungle the Fighter, a journeyman DjCj of Ashenzari (D:10)
  13 caustic shrike simulacra
  10 ice dragons
  A spectral shadow dragon (Tar:1)
  14 centaur warriors
  4 radroaches
  3 ghost crabs
  An ogre mage (Vaults:5)
  8 hell beasts
  5 spriggan air magi
  A jorogumo (Spider:2)
  5 juggernaut simulacra
  4 spriggan skeletons
  A quicksilver dragon skeleton (Crypt:2)
  3 death knights
  40 dancing weapons
  9 two-headed ogres
  A fenstrider witch skeleton (Pan)
  31 hell hogs
  12 ironbound frosthearts
  6 death scarabs (Tomb:1)
  8 stokers
  A titan zombie (Crypt:3)
  8 boulder beetles
  6 death yaks (Lair:5)
  5 tengu warriors
  7 deep troll earth magi
  4 alligators
  7 spriggan berserkers
  4 deep troll shamans
  10 orc high priests
  10 hell knights
  A spectral dire elephant (Lair:5)
  20 thrashing horrors
  146 sun demons
  Sonja (Abyss:4)
  13 vampire magi
  72 soul eaters
  2 spectral nagas (Tar:3)
  A titan skeleton (Vaults:5)
  14 wretched stars
  11 deep elf knights
  7 spriggans
  6 crystal echidnas
  A spectral death yak (Lair:5)
  A spectral anaconda (Lair:5)
  A bunyip zombie (Crypt:3)
  A skyshark (shapeshifter) (Depths:2)
  10 iron trolls
  45 sixfirhies
  70 skeletal warriors
  3 glowing orange brains
  45 deep trolls
  5 quicksilver dragon simulacra
  3 sun moths
  5 spriggan druids
  6 death drakes
  A death drake (shapeshifter) (Zig:10)
  Lodul (D:12)
  36 shadow wraiths
  10 orb spiders
  7 pharaoh ants
  A spark wasp zombie (Crypt:3)
  5 goliath frogs
  6 flayed ghosts
  An iron giant zombie (Crypt:3)
  9 bog bodies
  31 shadow demons
  8 steelbarb worms
  18 wizards
  11 deep elf archers
  2 spriggan simulacra (Coc:7)
  4 kraken simulacra (Coc:7)
  12 necromancers
  A bunyip skeleton (Pan)
  A steelbarb worm (shapeshifter) (Vaults:5)
  A shadow dragon zombie (Crypt:3)
  8 swamp dragons
  3 harpies (Vaults:1)
  23 ironbound convokers
  A spectral iron dragon (Tar:3)
  7 lindwurms
  29 phantasmal warriors
  3 spectral hydras (Swamp:4)
  12 orc knights
  22 ugly things
  2 anaconda skeletons
  38 starcursed masses
  A mana viper (Abyss:4)
  38 deep elf pyromancers
  31 deep elf zephyrmancers
  20 wolf spiders
  12 orc sorcerers
  14 shining eyes
  4 will-o-the-wisps
  An oklob plant (Abyss:4)
  A wolf spider (shapeshifter) (Vaults:5)
  6 cyclopes
  2 spectral centaurs
  An iron dragon skeleton (Pan)
  2 manticores (Zig:5)
  A worldbinder (Abyss:4)
  9 moths of wrath
  A stone giant zombie (Crypt:3)
  A fire giant skeleton (Crypt:1)
  A centaur zombie (D:10)
  35 elephants
  7 torpor snails
  Maurice (D:12)
  121 smoke demons
  3 apocalypse crabs
  A water nymph (shapeshifter) (Vaults:5)
  9 rust devils
  8 eyes of devastation
  4 molten gargoyles (Hell)
  6 titan simulacra
  3 dire elephant zombies
  11 ice statues
  A guardian serpent (Abyss:4)
  24 vault sentinels
  42 demonic crawlers
  5 black mambas
  2 gargoyles
  A minotaur zombie (Gauntlet)
  A centaur skeleton (Pan)
  2 rime drakes (Zig:15)
  7 unseen horrors
  10 cane toads
  21 yaktaurs
  10 komodo dragons
  29 orange demons
  3 swamp worm zombies (Swamp:4)
  7 efreet
  20 hellions
  2 dire elephant skeletons (Pan)
  4 human zombies
  An alligator snapping turtle skeleton (Pan)
  3 kobold demonologists
  A bunyip simulacrum (Coc:1)
  25 tormentors
  6 ancient zymes
  9 ice devils
  9 guardian mummies
  A sea snake skeleton (Crypt:2)
  9 anaconda simulacra
  5 iron giant simulacra
  3 spectral harpies
  An iron troll skeleton (Crypt:3)
  A grey draconian skeleton (Crypt:1)
  3 red devils (Pan)
  120 large abominations
  A golden dragon simulacrum (Coc:5)
  19 trolls
  4 freezing wraiths
  A tengu conjurer (Depths:2)
  A merfolk (shapeshifter) (Vaults:4)
  2 merfolk (Zig:5)
  3 wind drakes (Zig:15)
  3 harpy zombies
  A hydra zombie (Swamp:4)
  14 hornets
  7 raiju
  A sphinx simulacrum (Zig:14)
  4 alligator zombies (Swamp:4)
  3 meliai (Spider:2)
  29 tarantellas
  A tengu simulacrum (Coc:1)
  7 tyrant leeches
  35 hellwings (Pan)
  A wolf spider simulacrum (D:15)
  A tyrant leech (shapeshifter) (Crypt:1)
  Grinder (D:3)
  19 blink frogs
  11 dream sheep (Lair:5)
  3 bloated husks
  Prince Ribbit (Bailey)
  2 snapping turtles (Zig:5)
  A hydra skeleton (Pan)
  2 iron dragon simulacra
  A harpy skeleton (Abyss:4)
  36 jumping spiders
  2 ettin zombies
  A spectral black mamba (Tar:1)
  A slime creature (shapeshifter) (Depths:2)
  25 culicivoras
  123 slime creatures
  4 air elementals
  3 flying skulls (Abyss:5)
  An ice dragon skeleton (Crypt:1)
  A jumping spider (shapeshifter) (Depths:1)
  3 shadows
  6 dire elephant simulacra
  5 wyverns
  An ushabti (Tomb:1)
  A vampire (D:11)
  66 ynoxinuls
  A yak (shapeshifter) (Elf:3)
  45 yaks
  2 hogs (D:14)
  A fire bat (Pan)
  11 water elementals
  22 wraiths
  3 fire elementals (D:14)
  2 naga simulacra
  6 humans (Bailey)
  19 golden eyes
  A basilisk (shapeshifter) (Bailey)
  Grum (Lair:1)
  92 redbacks
  6 basilisks
  21 vampire mosquitoes
  3 alligator snapping turtle simulacra
  33 neqoxecs
  9 wargs
  A death yak simulacrum (Lair:5)
  37 chaos spawn
  5 acid dragons
  15 swamp worms
  A glowing shapeshifter zombie (Crypt:2)
  13 harpy simulacra
  4 spatial vortices (Abyss:5)
  2 spectral cane toads (Lair:5)
  14 water moccasins
  A water nymph skeleton (Crypt:1)
  4 floating eyes (Pan)
  A water nymph zombie (Crypt:2)
  A floating eye (shapeshifter) (D:5)
  78 orc warriors
  3 hydra simulacra
  A two-headed ogre skeleton (Crypt:3)
  4 hell hounds (D:14)
  2 ice beasts
  5 swamp dragon zombies (Swamp:4)
  2 ettin simulacra
  A hornet zombie (Crypt:3)
  2 swamp drakes
  26 wolves
  3 boggarts (Vaults:2)
  An elephant zombie (Lair:5)
  A dream sheep skeleton (Crypt:2)
  4 centaurs
  29 ogres
  7 phantoms
  A manticore skeleton (Crypt:2)
  9 small abominations
  A blink frog skeleton (Crypt:1)
  An elephant skeleton (Lair:5)
  A lindwurm skeleton (Crypt:3)
  2 kobold brigands
  2 earth elementals (Elf:1)
  2 necrophages
  2 scorpions
  23 bullfrogs
  3 cane toad simulacra (Lair:5)
  3 spriggan zombies
  21 killer bees
  An elephant simulacrum (Lair:5)
  3 electric eels
  3 howler monkeys
  5 crimson imps (Pan)
  5 hounds
  A jelly (D:7)
  30 orc priests
  3 sleepcaps
  Crazy Yiuf (D:3)
  An iron imp (Pan)
  3 iguanas (D:6)
  Natasha (twice) (D:3)
  2 boggart zombies
  44 orc wizards
  Ijyb (D:3)
  2 human skeletons (Crypt:1)
  2 spectral swamp drakes (Swamp:4)
  8 hell rats
  A tengu skeleton (Crypt:2)
  A hound skeleton (Crypt:3)
  13 mummies
  Robin (D:3)
  10 gnolls
  A howler monkey zombie (D:10)
  3 swamp drake zombies (Swamp:4)
  3 adders
  13 river rats
  3 shadow imps (Tar:7)
  A steam dragon zombie (Crypt:3)
  4 white imps
  An iguana zombie (Crypt:1)
  An iguana skeleton (Crypt:3)
  6 worms
  A dart slug (D:2)
  103 orcs
  5 endoplasms
  3 giant cockroaches
  10 goblins
  9 hobgoblins
  11 jackals
  2 quokkas (D:2)
  6 ball pythons
  8 bats
  6 frilled lizards
  A goblin skeleton (Crypt:2)
  A hobgoblin skeleton (Crypt:1)
  22 kobolds
  An orc zombie (Crypt:1)
  7 rats
  A rat skeleton (Crypt:1)
  A ball lightning (Pan)
  A butterfly (Lair:2)
  A creeping inferno (Geh:4)
  16 fire vortices
  2 spectral weapons
  14 starspawn tentacles
  5 tentacles (Coc:7)
4688 creatures vanquished.

Vanquished Creatures (others)
  A shard shrike (Coc:5)
  Nikola (Abyss:4)
  2 titans (Vaults:5)
  Asterion (Spider:4)
  An eldritch tentacle (Pan)
  A shadow dragon (Vaults:5)
  A revenant (Abyss:4)
  A frost giant (Vaults:5)
  A very ugly thing (Abyss:4)
  2 deep elf demonologists (Vaults:5)
  An elemental wellspring (Coc:6)
  2 deep elf death magi
  An entropy weaver (Vaults:5)
  A yaktaur captain (Vaults:5)
  A deep elf high priest (Vaults:5)
  A hydra (Swamp:3)
  11 vault guards (Vaults:5)
  2 caustic shrike simulacra
  2 two-headed ogres (Vaults:5)
  A soul eater (Hell)
  A sun demon (Hell)
  A sixfirhy (Abyss:4)
  2 deep elf knights
  A spriggan simulacrum (Coc:7)
  2 wizards
  A quicksilver dragon simulacrum (Coc:7)
  A deep elf archer (Elf:1)
  An ironbound convoker (Vaults:5)
  2 phantasmal warriors (Vaults:5)
  A will-o-the-wisp (Swamp:4)
  2 vault sentinels
  2 orange demons (Pan)
  2 freezing wraiths (Vaults:5)
  An anaconda simulacrum (Coc:7)
  An iron giant simulacrum (Coc:7)
  A hydra zombie (Swamp:4)
  3 bloated husks (Swamp:4)
  A tarantella (shapeshifter) (Vaults:5)
  A dream sheep (Lair:5)
  A jumping spider (Spider:2)
  A ynoxinul (Pan)
  A dire elephant simulacrum (Coc:7)
  A neqoxec (Pan)
  A chaos spawn (Pan)
  A spectral cane toad (Lair:5)
  A large abomination (Pan)
  A warg (D:15)
  An acid dragon (Zig:15)
  An ettin simulacrum (Coc:7)
  An ogre (Zig:16)
  A phantom (Swamp:4)
  A white imp (Abyss:4)
  9 ball lightnings (Pan)
  4 creeping infernos
  15 foxfires
  36 starspawn tentacles
  7 tentacles (Coc:7)
146 creatures vanquished.

Grand Total: 4834 creatures vanquished

Notes
Turn   | Place    | Note
-------+----------+-------------------------------------------
     0 | D:1      | wolfgangpup the Minotaur Chaos Knight began the quest for
                  | the Orb.
     0 | D:1      | Reached XP level 1. HP: 19/19 MP: 0/0
    30 | D:1      | XOM: divination: magic mapping
   209 | D:1      | Fell from the grace of Xom
   260 | D:1      | XOM: give mutations
   260 | D:1      | Gained mutation: You are vulnerable to heat. (rF-) [Xom's
                  | mischief]
   260 | D:1      | Lost mutation: You are vulnerable to heat. (rF-) [Xom's
                  | mischief]
   260 | D:1      | Gained mutation: Your flesh is heat resistant. (rF+) [Xom's
                  | mischief]
   260 | D:1      | Lost mutation: Your flesh is heat resistant. (rF+) [Xom's
                  | mischief]
   552 | D:1      | Reached XP level 2. HP: 27/27 MP: 1/1
  1003 | D:2      | Reached XP level 3. HP: 24/33 MP: 2/2
  1759 | D:3      | Noticed Ijyb
  1761 | D:3      | Paralysed by Ijyb for 4 turns
  1767 | D:3      | Paralysed by Ijyb for 3 turns
  1779 | D:3      | Killed Ijyb
  1780 | D:3      | Reached skill level 5 in Axes
  1780 | D:3      | Reached XP level 4. HP: 41/41 MP: 3/3
  1920 | D:3      | Noticed Robin
  1924 | D:3      | Killed Robin
  2000 | D:3      | Found a runed translucent door.
  2001 | D:3      | Noticed Crazy Yiuf
  2087 | D:3      | Reached XP level 5. HP: 47/47 MP: 4/4
  2112 | D:3      | Noticed Natasha
  2117 | D:3      | Killed Natasha
  2168 | D:3      | Noticed Grinder
  2183 | D:3      | Paralysed by Grinder for 2 turns
  2192 | D:3      | Killed Grinder
  2193 | D:3      | Reached skill level 5 in Fighting
  2193 | D:3      | Reached XP level 6. HP: 27/56 MP: 5/5
  2509 | D:3      | Noticed Natasha
  2515 | D:3      | Killed Natasha
  2516 | D:3      | Reached skill level 1 in Stealth
  2592 | D:3      | Killed Crazy Yiuf
  2776 | D:4      | XOM: torment (29/56 hp)
  2901 | D:4      | Reached XP level 7. HP: 61/61 MP: 6/6
  3002 | D:4      | Reached skill level 1 in Shields
  3020 | D:4      | Found a broken altar of Ashenzari.
  3092 | D:4      | Found a bloodstained altar of Trog.
  3099 | D:4      | XOM: give mutation
  3099 | D:4      | Gained mutation: You have sharp fingernails. [Xom's
                  | mischief]
  3166 | D:4      | Found a snail-covered altar of Cheibriados.
  3235 | D:4      | Found a glowing drain.
  3256 | Sewer    | Entered a sewer
  3718 | D:5      | Entered Level 5 of the Dungeon
  3779 | D:5      | an orc priest changed into a shapeshifter
  3779 | D:5      | Noticed a shapeshifter (shapeshifter)
  3779 | D:5      | XOM: polymorph orc priest -> shapeshifter
  3780 | D:5      | a shapeshifter changed into a salamander
  3780 | D:5      | Noticed a salamander (shapeshifter)
  3872 | D:4      | XOM: god gift: 1185 gold pieces
  3970 | D:5      | Paralysed by a floating eye for 3 turns
  3997 | D:4      | XOM: scenery: summon butterflies
  4097 | D:5      | Paralysed by a floating eye for 3 turns
  4105 | D:5      | Reached skill level 5 in Armour
  4714 | D:5      | Found a hide-covered altar of Uskayaw.
  4748 | D:5      | Reached XP level 8. HP: 67/70 MP: 7/7
  4760 | D:5      | XOM: swap monsters
  4851 | D:5      | You fall into a shaft and drop 3 floors!
  5045 | D:8      | XOM: 5-stop teleportation journey
  5119 | D:8      | Found a blossoming altar of Fedhas.
  5328 | D:8      | Found an opulent altar of Gozag.
  5328 | D:8      | Found a sparkling altar of Nemelex Xobeh.
  5586 | D:7      | Found a flagged portal.
  5599 | Bailey   | Entered a bailey
  5659 | Bailey   | a human changed into a shapeshifter
  5659 | Bailey   | Noticed a shapeshifter (shapeshifter)
  5659 | Bailey   | a shapeshifter changed into a troll
  5659 | Bailey   | Noticed a troll (shapeshifter)
  5666 | Bailey   | a troll changed into a basilisk
  5677 | Bailey   | Reached XP level 9. HP: 50/79 MP: 8/8
  5939 | Bailey   | Noticed Prince Ribbit
  5940 | Bailey   | Noticed a vault guard
  5959 | Bailey   | Lost mutation: You have sharp fingernails. [potion of
                  | mutation]
  5959 | Bailey   | Gained mutation: You are somewhat resistant to further
                  | mutation. [potion of mutation]
  5968 | Bailey   | Killed Prince Ribbit
  5974 | Bailey   | Killed a vault guard
  5975 | Bailey   | Reached skill level 10 in Axes
  6039 | Bailey   | XOM: summons 1 hostile shadow creature
  6412 | Abyss:2  | Found a corrupted altar of Lugonu.
  6412 | Abyss:2  | Found a corrupted altar of Lugonu.
  6412 | Abyss:2  | Cast into level 2 of the Abyss (Xom)
  6418 | Abyss:2  | Became a worshipper of Lugonu the Unformed
  6418 | Abyss:2  | Reached * piety under Lugonu
  6418 | Abyss:2  | Reached ** piety under Lugonu
  6421 | Bailey   | Escaped the Abyss
  6822 | D:6      | XOM: swap monsters
  6823 | D:6      | Reached XP level 10. HP: 88/88 MP: 9/9
  7164 | D:5      | XOM: give mutation
  7164 | D:5      | Gained mutation: Armour fits poorly on your strangely
                  | shaped body. [Xom's mischief]
  7365 | D:6      | Found a staircase to the Ecumenical Temple.
  8350 | D:7      | Reached skill level 1 in Invocations
  8562 | D:8      | Found Ganumi's Book Shoppe.
  9239 | D:8      | XOM: give mutations
  9239 | D:8      | Gained mutation: Potions are less effective at restoring
                  | your health. [Xom's mischief]
  9239 | D:8      | Gained mutation: You are partially covered in iridescent
                  | scales. (AC +2) [Xom's mischief]
  9240 | D:8      | Lost mutation: You are somewhat resistant to further
                  | mutation. [potion of mutation]
  9240 | D:8      | Lost mutation: Potions are less effective at restoring your
                  | health. [potion of mutation]
  9240 | D:8      | Gained mutation: You are agile. (Dex +4, Str/Int -1)
                  | [potion of mutation]
  9240 | D:8      | Gained mutation: You have an increased reservoir of magic.
                  | (+10% MP) [potion of mutation]
  9240 | D:8      | Gained mutation: Your mind is acute. (Int +4, Str/Dex -1)
                  | [potion of mutation]
  9324 | D:8      | Noticed a death drake
  9324 | D:8      | XOM: polymorph something unseen -> death drake
  9324 | D:8      | Banished a death drake
  9325 | D:8      | Reached skill level 10 in Armour
  9383 | D:8      | XOM: noise
  9461 | D:8      | Found Witygh's Antique Armour Shop.
  9553 | D:8      | Found Ydghiazxyu's Distillery.
  9561 | D:8      | Bought a potion of resistance for 110 gold pieces
  9561 | D:8      | Bought a potion of curing for 33 gold pieces
  9561 | D:8      | Bought a potion of berserk rage for 55 gold pieces
  9561 | D:8      | Bought a potion of resistance for 110 gold pieces
  9561 | D:8      | Bought a potion of curing for 33 gold pieces
  9561 | D:8      | Bought a potion of heal wounds for 55 gold pieces
  9753 | D:9      | Paralysed by a hornet for 3 turns
  9828 | D:9      | Reached skill level 5 in Shields
  9944 | D:10     | Entered Level 10 of the Dungeon
 10052 | D:9      | Reached *** piety under Lugonu
 10306 | D:9      | Found a staircase to the Orcish Mines.
 10320 | D:9      | Reached XP level 11. HP: 89/95 MP: 14/14
 10504 | D:9      | Found Zatriwinn's Antique Weapon Emporium.
 10854 | D:10     | XOM: noise
 10876 | D:10     | Paralysed by a hornet for 3 turns
 11076 | D:10     | Found a runed translucent gate.
 11076 | D:10     | Found a runed translucent gate.
 11076 | D:10     | Found a runed translucent gate.
 11076 | D:10     | Noticed bungle's ghost (journeyman DjCj)
 11078 | D:10     | Found a basalt altar of Yredelemnul.
 11241 | D:10     | XOM: silly message
 11300 | D:10     | Reached **** piety under Lugonu
 11483 | D:10     | XOM: silly message
 11511 | D:10     | XOM: silly message
 11628 | D:10     | Killed bungle's ghost
 11714 | D:10     | XOM: silly message
 11761 | D:11     | XOM: divination: detect creatures
 11844 | D:11     | XOM: silly message
 12382 | D:11     | XOM: silly message
 12382 | D:11     | Was forgiven by Xom
 12787 | D:11     | Found a staircase to the Lair.
 12988 | D:11     | Reached skill level 5 in Invocations
 13169 | Lair:1   | Entered Level 1 of the Lair of Beasts
 13448 | Lair:1   | Identified the +6 falchion "wolfgangpup's Peril" {venom,
                  | rElec Will+}
 13792 | Lair:1   | Reached XP level 12. HP: 106/106 MP: 16/16
 13897 | Lair:1   | Reached skill level 10 in Fighting
 14314 | Lair:1   | Reached ***** piety under Lugonu
 14405 | Lair:1   | Noticed Grum
 14413 | Lair:1   | Killed Grum
 14889 | Orc:1    | Entered Level 1 of the Orcish Mines
 15000 | Orc:1    | Noticed an orc warlord
 15132 | D:9      | Banished an orc warlord
 15133 | D:9      | Reached skill level 15 in Axes
 15531 | Orc:2    | Entered Level 2 of the Orcish Mines
 15720 | Orc:2    | Noticed Josephine
 15725 | Orc:2    | Banished Josephine
 15814 | Orc:2    | Reached skill level 1 in Throwing
 16472 | Orc:2    | HP: 3/108 [orc warrior/+0 glaive (17)]
 16826 | Orc:2    | Found a staircase to the Elven Halls.
 17770 | Orc:2    | Noticed an orc high priest
 17771 | Orc:2    | Noticed an orc high priest
 17776 | Orc:2    | Noticed an orc high priest
 17781 | Orc:2    | Killed an orc high priest
 17782 | Orc:2    | Reached XP level 13. HP: 86/116 MP: 19/19
 17991 | Orc:2    | Found Aluicacke's Antique Weapon Emporium.
 17991 | Orc:2    | Found Populoxt's Armour Boutique.
 17993 | Orc:2    | Found Perph's Magic Scroll Emporium.
 17993 | Orc:2    | Found Site's Assorted Antiques.
 18004 | Orc:2    | Bought a scroll of blinking for 112 gold pieces
 18004 | Orc:2    | Bought a scroll of teleportation for 45 gold pieces
 18009 | Orc:2    | Bought a +2 kite shield of protection for 258 gold pieces
 18024 | Orc:2    | Bought a runed broad axe for 203 gold pieces
 18030 | Orc:2    | Bought a +0 pair of gloves for 54 gold pieces
 18183 | Orc:1    | Found Doesuuzi's Assorted Antiques.
 18190 | Orc:1    | Bought a scroll of blinking for 217 gold pieces
 18190 | Orc:1    | Bought a potion of heal wounds for 145 gold pieces
 19291 | Lair:2   | Got the Volume of Incendiary Oromancy
 19674 | Lair:2   | Found a hole to the Spider Nest.
 20236 | Lair:3   | Noticed Sonja
 20246 | Lair:3   | Banished Sonja
 20705 | Lair:3   | Found a snail-covered altar of Cheibriados.
 20756 | Lair:3   | Found a staircase to the Swamp.
 20768 | Lair:3   | Reached skill level 5 in Throwing
 20990 | Lair:3   | Lost mutation: You have an increased reservoir of magic.
                  | (+10% MP) [potion of mutation]
 20990 | Lair:3   | Lost mutation: Your mind is acute. (Int +4, Str/Dex -1)
                  | [potion of mutation]
 20990 | Lair:3   | Gained mutation: Your magical capacity is low. (-10% MP)
                  | [potion of mutation]
 20990 | Lair:3   | Gained mutation: Your natural rate of healing is unusually
                  | fast. [potion of mutation]
 21081 | Lair:1   | Lost mutation: Your magical capacity is low. (-10% MP)
                  | [potion of mutation]
 21081 | Lair:1   | Lost mutation: Armour fits poorly on your strangely shaped
                  | body. [potion of mutation]
 21081 | Lair:1   | Lost mutation: You are agile. (Dex +4, Str/Int -1) [potion
                  | of mutation]
 21081 | Lair:1   | Gained mutation: You expend magic power (3 MP) to
                  | strengthen your wands. [potion of mutation]
 21081 | Lair:1   | Gained mutation: Your flesh is cold resistant. (rC+)
                  | [potion of mutation]
 21081 | Lair:1   | Gained mutation: You have a pair of large horns on your
                  | head. [potion of mutation]
 21248 | Lair:3   | Identified a scroll of acquirement
 21248 | Lair:3   | Acquired the -1 pair of boots of the End {Fly rC++ Regen+
                  | Stlth-}
 21922 | Lair:4   | Reached XP level 14. HP: 90/126 MP: 18/18
 22205 | Lair:4   | Found a runed translucent door.
 22206 | Lair:4   | Noticed an azure jelly
 22207 | Lair:4   | Found a viscous altar of Jiyva.
 22211 | Lair:4   | Found a staircase to the Slime Pits.
 22211 | Lair:4   | Noticed an azure jelly
 22211 | Lair:4   | Noticed an azure jelly
 22212 | Lair:4   | Noticed an azure jelly
 22298 | Lair:5   | Entered Level 5 of the Lair of Beasts
 22466 | Lair:5   | Reached ****** piety under Lugonu
 22853 | Lair:5   | Identified the +6 sling of Wyrd {freeze, Int+5 Dex-5}
 22963 | Lair:5   | Identified the +0 leather armour of the Will of the Gods
                  | {Contam rPois Regen+}
 23246 | Lair:5   | Noticed Nessos
 23258 | Lair:5   | Banished Nessos
 23520 | Lair:5   | Identified the -1 helmet "Leloel" {Harm rC+ Dex+3 SInv}
 23779 | D:12     | Noticed Maurice
 23797 | D:12     | Killed Maurice
 23817 | D:12     | Found a gate leading to a gauntlet.
 23831 | Gauntlet | Entered a Gauntlet
 23831 | Gauntlet | Found a transporter.
 23840 | Gauntlet | Found a transporter.
 23860 | Gauntlet | Found a transporter.
 23861 | Gauntlet | Found a transporter.
 23882 | Gauntlet | Found a transporter.
 23899 | Gauntlet | Found a transporter.
 23909 | Gauntlet | Found a transporter.
 23938 | Gauntlet | Found a transporter.
 23938 | Gauntlet | Found a transporter.
 23945 | Gauntlet | Found a transporter.
 23976 | Gauntlet | Found a transporter.
 23976 | Gauntlet | Found a transporter.
 24109 | Gauntlet | Reached XP level 15. HP: 136/136 MP: 19/19
 24147 | Gauntlet | Identified the amulet "Piobbimu" {Will+ Regen+}
 24317 | D:12     | Noticed Rupert
 24321 | D:12     | Banished Rupert
 24387 | D:12     | Noticed Lodul
 24400 | D:12     | Killed Lodul
 24537 | D:12     | Found a glowing silver altar of Zin.
 24879 | D:13     | Found Semiraj's Jewellery Emporium.
 25568 | D:14     | Found a gate to the Vaults.
 25573 | D:14     | Reached skill level 10 in Shields
 25648 | D:14     | Noticed Azrael
 25660 | D:14     | Killed Azrael
 25774 | D:14     | Found a shadowy altar of Dithmenos.
 26003 | D:14     | Found a runed translucent gate.
 26003 | D:14     | Found a runed translucent gate.
 26003 | D:14     | Noticed Cofimnas's ghost (journeyman FoFi)
 26004 | D:14     | Found a runed translucent gate.
 26069 | D:14     | Found a shimmering blue altar of Sif Muna.
 26083 | D:14     | Got Sif Muna's Almanac of Production
 26271 | D:14     | Noticed Kirke
 26291 | D:14     | Noticed a sphinx
 26318 | D:14     | Killed Kirke
 26506 | D:15     | Entered Level 15 of the Dungeon
 26625 | D:15     | Reached skill level 15 in Armour
 26639 | D:15     | Found a staircase to the Depths.
 27081 | D:15     | Identified the +0 leather armour of the Lily {rF+ rC++}
 27155 | D:15     | Identified the staff of earth "Qaedarou" {Stlth+}
 27557 | Swamp:1  | Entered Level 1 of the Swamp
 27765 | Swamp:1  | Noticed a thorn hunter
 27775 | Swamp:1  | Killed a thorn hunter
 28246 | Swamp:2  | Noticed a thorn hunter
 28263 | Swamp:2  | Killed a thorn hunter
 28714 | Swamp:3  | Reached XP level 16. HP: 121/145 MP: 20/20
 29248 | Swamp:3  | Reached skill level 10 in Throwing
 29248 | Swamp:3  | Reached skill level 5 in Dodging
 29294 | Swamp:3  | Got the Quarto of Lofty Accelerants
 29408 | Swamp:4  | Entered Level 4 of the Swamp
 29408 | Swamp:4  | Found a runed translucent gate.
 29408 | Swamp:4  | Found a runed translucent gate.
 29408 | Swamp:4  | Found a runed translucent gate.
 29414 | Swamp:4  | Reached skill level 15 in Fighting
 29416 | Swamp:4  | Noticed superbruh's ghost (adept DsGl)
 29416 | Swamp:4  | Noticed Strat's ghost (adept VSAr)
 30215 | Swamp:4  | Noticed a bone dragon
 30378 | Swamp:4  | Killed a bone dragon
 30467 | Swamp:4  | Got a decaying rune of Zot
 30849 | Vaults:1 | Entered Level 1 of the Vaults
 31085 | Vaults:1 | Noticed a sphinx
 31095 | Vaults:1 | Killed a sphinx
 31260 | Vaults:1 | Found Elexo's Book Boutique.
 31271 | Vaults:1 | Reached XP level 17. HP: 158/158 MP: 21/21
 31429 | Vaults:1 | Noticed Saint Roka
 31482 | Vaults:1 | Killed Saint Roka
 31562 | Vaults:1 | Noticed a titan
 31854 | Spider:1 | Entered Level 1 of the Spider Nest
 32323 | Spider:1 | Noticed Louise
 32341 | Spider:1 | Killed Louise
 32901 | Spider:1 | Identified a +4 broad axe of distortion (a +2 heavy broad
                  | axe corrupted by Lugonu)
 32901 | Spider:1 | Received a gift from Lugonu
 32981 | Spider:1 | Identified the +5 quarterstaff of Xom's Castigation
                  | {antimagic, Str+4}
 33311 | Spider:2 | Noticed Arachne
 33315 | Spider:2 | Banished Arachne
 33502 | Spider:2 | Noticed Frances
 33543 | Spider:2 | Killed Frances
 33605 | Spider:2 | Noticed Jorgrun
 33617 | Spider:2 | Killed Jorgrun
 34599 | Spider:3 | Reached XP level 18. HP: 118/170 MP: 22/22
 35193 | Spider:4 | Entered Level 4 of the Spider Nest
 35316 | Spider:3 | Reached skill level 15 in Shields
 35360 | Spider:4 | Noticed Asterion
 35506 | Spider:4 | Gained mutation: Your body sometimes deteriorates upon
                  | taking damage. [mutagenic glow]
 35820 | Spider:4 | Killed Asterion
 36765 | Spider:4 | Got a gossamer rune of Zot
 37817 | Vaults:1 | Found Rycuyniz's Jewellery Shoppe.
 38426 | Vaults:2 | You are sucked into a shaft and drop 2 floors!
 38562 | Vaults:4 | Reached XP level 19. HP: 125/171 MP: 23/23
 39518 | Vaults:3 | Noticed Mennas
 39534 | Vaults:3 | Banished Mennas
 39685 | Vaults:3 | HP: 9/183 [ironbound thunderhulk/bolt of lightning[a vault
                  | warden] (47)]
 40316 | Vaults:3 | Reached XP level 20. HP: 193/193 MP: 24/26
 40497 | Vaults:3 | Found Gooh Buss's Magic Scroll Shop.
 40505 | Vaults:3 | Bought a scroll of enchant weapon for 142 gold pieces
 40505 | Vaults:3 | Bought a scroll of blinking for 142 gold pieces
 40505 | Vaults:3 | Bought a scroll of blinking for 142 gold pieces
 41564 | Vaults:2 | Found a staircase to the Crypt.
 41934 | Vaults:2 | Reached skill level 10 in Invocations
 42366 | Depths:1 | Entered Level 1 of the Depths
 42373 | Depths:1 | Noticed Sojobo
 42398 | Depths:1 | Paralysed by an air elemental for 1 turns
 42408 | Depths:1 | Paralysed by an air elemental for 1 turns
 42414 | Depths:1 | Paralysed by an air elemental for 1 turns
 42419 | Depths:1 | Banished Sojobo
 42635 | Depths:1 | Found a gateway to Hell.
 42840 | Depths:1 | Found a corrupted altar of Lugonu.
 42850 | Depths:1 | Found a one-way gate to the infinite horrors of the Abyss.
 43117 | Depths:1 | Found a one-way gateway to a ziggurat.
 43191 | Depths:1 | Identified the ring "Toocodgh" {Will+ Int+4}
 43235 | Depths:1 | Found Ifaetur's Magic Scroll Emporium.
 43243 | Depths:1 | Bought a scroll of blinking for 142 gold pieces
 43368 | Depths:1 | Noticed Nikola
 43374 | Depths:1 | Banished Nikola
 43653 | Depths:3 | Noticed Boris
 43653 | Depths:3 | Noticed a golden dragon
 43705 | Depths:2 | Noticed a golden dragon
 43728 | Depths:2 | Killed a golden dragon
 43962 | Depths:2 | Reached XP level 21. HP: 159/204 MP: 0/28
 44279 | Depths:2 | Found a one-way gate leading to the halls of Pandemonium.
 45025 | Depths:3 | Killed a golden dragon
 45527 | Depths:3 | Killed Boris
 45546 | Depths:3 | Found an ornate altar of the Wu Jian Council.
 45636 | Depths:3 | Noticed the Enchantress
 45666 | Depths:3 | Banished the Enchantress
 45830 | Depths:4 | Entered Level 4 of the Depths
 45872 | Depths:4 | Noticed a juggernaut
 45900 | Depths:4 | Banished a juggernaut
 46014 | Depths:4 | Found a gate to the Realm of Zot.
 46160 | Depths:4 | Found a magical portal.
 46169 | WizLab   | Entered Wucad Mu's Monastery
 46543 | WizLab   | Found the crystal ball of Wucad Mu {*channel}
 46650 | WizLab   | Reached XP level 22. HP: 216/216 MP: 30/30
 46795 | Depths:4 | Noticed a golden dragon
 46808 | Depths:4 | Killed a golden dragon
 46936 | Depths:4 | Noticed a golden dragon
 46947 | Depths:4 | Killed a golden dragon
 47182 | Depths:4 | Acquired 528 gold pieces
 47760 | Vaults:5 | Entered Level 5 of the Vaults
 47761 | Vaults:5 | Corrupted Vaults:5
 47778 | Vaults:5 | Reached XP level 23. HP: 180/225 MP: 25/31
 47864 | Vaults:5 | Reached skill level 5 in Stealth
 48036 | Vaults:5 | Identified the ring of Fragile Peace {MP+9 Str+3}
 48057 | Vaults:5 | Identified the +5 rapier of Gouzeim {flame, Str-4 Int+7}
 48078 | Vaults:5 | Identified the +0 helmet of the Flute {Dex+2}
 48444 | Vaults:5 | Got a silver rune of Zot
 48530 | Vaults:5 | Identified the +3 chain mail of Tenacity {+Blink rCorr
                  | Int+3}
 48574 | Vaults:5 | Identified the ring "Beek" {rF- AC+4 Int+9 Dex+2 Stlth-}
 49001 | Vaults:5 | a shadow dragon changed into a caustic shrike
 49001 | Vaults:5 | Noticed a caustic shrike (glowing shapeshifter)
 49003 | Vaults:5 | a caustic shrike changed into a shadow dragon
 49071 | Vaults:5 | Got the Compendium of Crystal
 49080 | Vaults:5 | Identified the +0 storm dragon scales of Baxag {rElec rF+}
 49483 | Temple   | Entered the Ecumenical Temple
 50334 | Vaults:5 | Found Ucvies's Jewellery Emporium.
 50341 | Vaults:5 | Bought the amulet "Fadys" {Reflect Int+2 SH+5 SInv} for 681
                  | gold pieces
 50876 | Temple   | Fell from the grace of Lugonu
 50876 | Temple   | Became a worshipper of the Shining One
 51211 | Crypt:1  | Entered Level 1 of the Crypt
 51237 | Crypt:1  | Reached * piety under the Shining One
 51304 | Crypt:1  | Reached ** piety under the Shining One
 51405 | Crypt:1  | Reached *** piety under the Shining One
 51745 | Crypt:1  | Found a runed translucent gate.
 51745 | Crypt:1  | Found a runed translucent gate.
 51746 | Crypt:1  | Found a runed translucent gate.
 51815 | Crypt:1  | Found a shimmering altar of Xom.
 52189 | Crypt:1  | Reached **** piety under the Shining One
 52221 | Crypt:1  | Acquired 836 gold pieces
 52334 | Crypt:2  | Noticed Jory
 52360 | Crypt:2  | Killed Jory
 52400 | Crypt:2  | Reached ***** piety under the Shining One
 52543 | Crypt:2  | Noticed Margery
 52565 | Crypt:2  | Killed Margery
 52566 | Crypt:2  | Reached XP level 24. HP: 237/242 MP: 32/32
 52596 | Crypt:2  | Reached ****** piety under the Shining One
 52607 | Crypt:2  | Noticed Zenata
 52620 | Crypt:2  | Killed Zenata
 52629 | Crypt:2  | Identified a +9 broad axe of holy wrath (a +7 broad axe of
                  | distortion blessed by the Shining One)
 52629 | Crypt:2  | Received a gift from the Shining One
 53009 | D:12     | Fell from the grace of the Shining One
 53009 | D:12     | Became a worshipper of Zin the Law-Giver
 53009 | D:12     | Reached * piety under Zin
 53009 | D:12     | Reached ** piety under Zin
 53009 | D:12     | Reached *** piety under Zin
 53009 | D:12     | Reached **** piety under Zin
 53009 | D:12     | Reached ***** piety under Zin
 53010 | D:12     | Donated 3084 gold pieces to Zin
 53275 | Crypt:2  | Reached ****** piety under Zin
 53466 | Crypt:2  | Identified the +6 dagger of the Exceptional God {antimagic,
                  | rN++ rCorr}
 53682 | Crypt:3  | Entered Level 3 of the Crypt
 53817 | Crypt:3  | Identified the +0 robe "Xerobitz" {Will+ Slay+3}
 54022 | Crypt:3  | Paralysed by a vampire knight for 3 turns
 54404 | Crypt:3  | Found a staircase to the Tomb.
 54567 | Crypt:3  | Paralysed by a vampire knight for 5 turns
 54590 | Crypt:3  | Found an ancient bone altar of Kikubaaqudgha.
 54643 | Crypt:3  | Paralysed by a vampire knight for 4 turns
 54659 | Crypt:3  | Paralysed by a vampire knight for 5 turns
 54744 | Crypt:3  | Found the +3 greatsling "Punk" {acid, rCorr}
 54747 | Crypt:3  | Found the +3 Elemental Staff {rElec rF+ rC+ AC+3}
 54766 | Crypt:3  | Identified the +4 sling of Absolution {antimagic, Contam
                  | rC+ rCorr Int+5}
 54967 | Crypt:3  | Reached skill level 15 in Invocations
 54994 | Crypt:3  | Identified the +1 spear "Izxun" {venom, *Rage Fly rN+ Str+2
                  | Int+3}
 55141 | Abyss:4  | Cast into level 4 of the Abyss (Lugonu's touch)
 55185 | Abyss:4  | Killed Mennas
 55194 | Abyss:4  | Killed the Enchantress
 55261 | Crypt:3  | Escaped the Abyss
 55275 | Crypt:3  | Paralysed by accursed screaming for 1 turns
 55841 | Elf:1    | Entered Level 1 of the Elven Halls
 55883 | Abyss:4  | Cast into level 4 of the Abyss (a deep elf demonologist)
 55900 | Abyss:4  | Found a corrupted altar of Lugonu.
 55914 | Abyss:4  | Reached XP level 25. HP: 214/255 MP: 20/33
 55993 | Abyss:4  | Paralysed by an air elemental for 1 turns
 56010 | Abyss:4  | Killed Sojobo
 56025 | Elf:1    | Escaped the Abyss
 56090 | Elf:1    | Got the Anthology of Leadership
 56156 | Elf:1    | Found a transporter.
 56185 | Elf:1    | Found a transporter.
 56251 | Elf:1    | Identified the ring "Maunwyl" {Wiz rF+ rC+ Will-}
 56461 | Elf:1    | Found a radiant altar of Vehumet.
 56524 | Elf:1    | Paralysed by an air elemental for 1 turns
 56701 | Elf:1    | Found Hoeretah's Book Emporium.
 56788 | Elf:1    | Found a shimmering blue altar of Sif Muna.
 57435 | Elf:2    | Found a runed translucent gate.
 57435 | Elf:2    | Found a runed translucent gate.
 57435 | Elf:2    | Found a runed translucent gate.
 57534 | Elf:2    | Found Faxigif's Antique Weapon Shop.
 57539 | Elf:2    | Found Vadejut's Distillery.
 57868 | Abyss:4  | Cast into level 4 of the Abyss (Lugonu's touch)
 57906 | Abyss:4  | Killed Sonja
 57908 | Abyss:4  | Killed Nessos
 57909 | Abyss:4  | Killed Rupert
 57919 | Abyss:4  | Killed Nikola
 57921 | Elf:2    | Escaped the Abyss
 57924 | Elf:2    | Reached skill level 27 in Fighting
 57934 | Elf:2    | Killed Arachne
 58365 | Elf:3    | Entered Level 3 of the Elven Halls
 58380 | Elf:3    | Identified the +7 short sword of Vumavaph {speed, Will+}
 58417 | Elf:3    | Identified the +2 leather armour of Responsibility {Str+3}
 58437 | Elf:3    | Found the amulet of the Air {Inacc Air Fly rElec RMsl}
 58447 | Elf:3    | Reached skill level 27 in Axes
 58448 | Elf:3    | Identified the +1 pair of gloves "Lesh" {Drain Regen+ Int+8
                  | Dex+4}
 58464 | Elf:3    | Identified the +6 glaive of True Grit {holy, rPois Dex+2}
 58471 | Elf:3    | Identified the +0 war axe of the New World {vamp, rPois
                  | Dex+3}
 58480 | Elf:3    | Identified the +6 dagger "Viyp" {heavy, Str+2}
 58486 | Elf:3    | Identified the +11 mace "Ihepil Qowym" {heavy, rC+ Str+4
                  | Int-5}
 58499 | Elf:3    | Identified the +11 falchion "Hogois" {pain, Fly rElec rPois
                  | Str-4}
 58509 | Elf:3    | Got the Catalogue of the Faeries
 58511 | Elf:3    | Identified the +4 battleaxe of Famine {venom, rC+}
 58567 | Elf:3    | Identified the +0 scale mail "Roor" {rF+ SInv}
 58569 | Elf:3    | Identified the ring "Kypegicosch" {Wiz Str-4 Int+3}
 58576 | Elf:3    | Noticed Donald
 58593 | Elf:3    | Killed Donald
 58602 | Abyss:4  | Cast into level 4 of the Abyss (a deep elf sorcerer)
 58730 | Abyss:4  | Killed Josephine
 58845 | Elf:3    | Escaped the Abyss
 58845 | Elf:3    | Identified the +9 spear "Imomok" {freeze, rC- rCorr MP+9
                  | Str+2}
 58974 | Elf:3    | Identified the ring of Jank {rC++ Dex-4 Slay+4}
 59081 | Abyss:4  | Cast into level 4 of the Abyss (a deep elf demonologist)
 59151 | Abyss:4  | Reached XP level 26. HP: 266/266 MP: 34/34
 59297 | Abyss:5  | Noticed a dread lich
 59304 | Abyss:5  | Killed a dread lich
 59309 | Elf:3    | Escaped the Abyss
 59389 | Elf:3    | Got the Grimoire of Erosion and Arcane Combat
 59412 | Elf:3    | Got the Folio of Profane Mysteries and Illusion
 59417 | Elf:3    | Identified the +4 scale mail "Cohas" {Str+2}
 59899 | Elf:3    | Paralysed by an air elemental for 1 turns
 59902 | Elf:3    | Paralysed by an air elemental for 1 turns
 59942 | Elf:3    | Was forgiven by Lugonu
 60358 | Slime:1  | Entered Level 1 of the Pits of Slime
 62203 | Slime:5  | Entered Level 5 of the Pits of Slime
 62400 | Slime:5  | Noticed the Royal Jelly
 62702 | Slime:5  | Paralysed by a great orb of eyes for 2 turns
 62809 | Slime:5  | Found a viscous altar of Jiyva.
 62810 | Slime:5  | Found the ring of the Mage {Wiz Archmagi}
 63296 | Slime:5  | Killed the Royal Jelly
 63350 | Slime:5  | Identified the amulet of Utet Cil {Regen+ MP+9 Int+3}
 63388 | Slime:5  | Identified the +5 mace of Roifuam {drain, Contam Str+2 SInv
                  | Stlth+}
 63403 | Slime:5  | Identified the staff of conjuration "Optoz" {Str-2 Int+5
                  | Dex+3}
 63415 | Slime:5  | Identified the amulet of Zyha {Contam Drain Regen+ Str+2
                  | Dex+5}
 63433 | Slime:5  | Identified the ring of Dim Light {rElec rCorr Dex+6 Slay+6}
 63440 | Slime:5  | Identified the +6 dire flail of Tender Mercy {spect, rF-
                  | rN++ Str+5}
 63495 | Slime:5  | Got a slimy rune of Zot
 64140 | Tomb:1   | Entered Level 1 of the Tomb of the Ancients
 64328 | Tomb:1   | Paralysed by a sphinx for 2 turns
 64361 | Tomb:1   | Paralysed by a sphinx for 3 turns
 64800 | Zig:1    | Entered Level 1 of a ziggurat
 64811 | Zig:1    | Identified the +4 short sword "Dirottuyheu" {flame, Str-2
                  | Int+5}
 64823 | Zig:2    | Entered Level 2 of a ziggurat
 64855 | Zig:3    | Entered Level 3 of a ziggurat
 64885 | Zig:3    | Identified the amulet of Perghojim {rElec Regen+ rCorr
                  | Str-3 Dex-5}
 64898 | Zig:4    | Entered Level 4 of a ziggurat
 64934 | Zig:4    | Identified the ring of Buecaas {Fly rCorr Str+5 Stlth-}
 64944 | Zig:5    | Entered Level 5 of a ziggurat
 65030 | Zig:6    | Entered Level 6 of a ziggurat
 65058 | Zig:6    | Identified the ring of the Past {Will+ rCorr MP+9 Int-3
                  | SInv}
 65066 | Zig:6    | Identified the staff of fire "Vuleda" {rF+ rC+ Int+2 Dex-4}
 65067 | Zig:6    | Identified the ring "Sogavak" {rF+ rN+ rCorr EV+5}
 65079 | Zig:7    | Entered Level 7 of a ziggurat
 65086 | Zig:7    | Noticed Zuseal the pandemonium lord
 65092 | Zig:8    | Entered Level 8 of a ziggurat
 65162 | Zig:8    | Paralysed by accursed screaming for 1 turns
 65167 | Zig:8    | Reached XP level 27. HP: 238/273 MP: 35/35
 65202 | Zig:8    | Reached skill level 1 in Evocations
 65206 | Zig:8    | Identified the ring "Pymebb" {rC- Will+ Str+5 Dex+3}
 65232 | Zig:9    | Entered Level 9 of a ziggurat
 65238 | Zig:9    | Noticed an ancient lich
 65238 | Zig:9    | Noticed a dread lich
 65252 | Zig:9    | Killed a dread lich
 65254 | Zig:9    | Killed an ancient lich
 65302 | Zig:10   | Entered Level 10 of a ziggurat
 65313 | Zig:10   | Noticed Fofan the pandemonium lord
 65322 | Abyss:5  | Cast into level 5 of the Abyss (Killer Klown)
 65351 | Zig:10   | Escaped the Abyss
 65357 | Zig:10   | Reached skill level 10 in Dodging
 65358 | Zig:10   | Killed Fofan the pandemonium lord
 65387 | Zig:10   | Identified the +11 sling of Vicido {speed, rF+ Str+4}
 65400 | Zig:10   | Identified the +8 spear "Pabbe" {venom, Dex+3}
 65424 | Zig:11   | Entered Level 11 of a ziggurat
 65434 | Zig:11   | Noticed a juggernaut
 65434 | Zig:11   | Found the +12 glaive of Prune {freeze, Prune}
 65449 | Zig:11   | Killed a juggernaut
 65514 | Zig:11   | Identified the staff of fire "Eschad" {rF+ Str+3 Dex+3}
 65528 | Zig:12   | Entered Level 12 of a ziggurat
 65563 | Zig:12   | Reached skill level 27 in Shields
 65638 | Zig:12   | Identified the +1 great mace "Veth" {freeze, Fly rF- Str+3}
 65649 | Zig:12   | Identified the +2 robe "Poiwn" {rN+ Str+4 Int+2}
 65650 | Zig:12   | Identified the staff of earth "Hoduil Afiji" {rPois MP+9}
 65664 | Zig:13   | Entered Level 13 of a ziggurat
 65672 | Zig:13   | Found the +4 robe of Folly {Brill Will-โˆž Int+8}
 65673 | Zig:13   | Noticed melllvar's ghost (legendary MiBe)
 65673 | Zig:13   | Noticed Ecsetopt's ghost (legendary BaWn)
 65674 | Zig:13   | Noticed Piginabag's ghost (veteran GnMo)
 65676 | Zig:13   | Noticed Uhosoup's ghost (veteran GrFi)
 65676 | Zig:13   | Noticed Whoops's ghost (legendary DsFi)
 65685 | Zig:14   | Entered Level 14 of a ziggurat
 65788 | Zig:14   | Paralysed by a wendigo for 1 turns
 65942 | Zig:14   | Identified the +5 executioner's axe of Internal Strife
                  | {vamp, rPois rCorr Int-4 Stlth+}
 65945 | Zig:14   | Got the Compendium of the Vector and Algor
 65955 | Zig:14   | Identified the +10 mace "Rudon" {protect, Dex+6}
 65971 | Zig:15   | Entered Level 15 of a ziggurat
 66124 | Zig:15   | Got the Thoughts on Lightning and Illusion
 66129 | Zig:15   | Identified the +1 great mace "Teischoipt" {elec, rElec
                  | MP+9}
 66136 | Zig:15   | Identified the +9 plate armour "Ewnoplikh" {Rampage Dex+2
                  | Slay-6}
 66137 | Zig:15   | Identified the ring of Wymoogg {Ice rElec Dex+4}
 66157 | Zig:16   | Entered Level 16 of a ziggurat
 66161 | Zig:16   | Noticed a juggernaut
 66179 | Zig:16   | Killed a juggernaut
 66187 | Zig:16   | Noticed a juggernaut
 66187 | Zig:16   | Noticed a juggernaut
 66202 | Zig:16   | Killed a juggernaut
 66202 | Zig:16   | Noticed a juggernaut
 66217 | Zig:16   | Killed a juggernaut
 66218 | Zig:16   | Killed a juggernaut
 66242 | Zig:16   | Found the -2 hat of the Alchemist {rElec rPois rF+ rC+ rN+
                  | Will+ rMut rCorr}
 66243 | Zig:16   | Found the +1 robe of Vines {NoPotionHeal Regen++++}
 66258 | Zig:16   | Identified the +10 glaive "Puddasor" {heavy, Str+2 Dex+3
                  | Stlth+}
 66259 | Zig:16   | Identified the amulet of Zerphoah {Reflect Str+5 SH+5}
 66267 | Zig:16   | Identified the +9 chain mail of the Kraken {*Slow +Blink
                  | rC+}
 66290 | Zig:16   | Lost mutation: Your flesh is cold resistant. (rC+) [potion
                  | of mutation]
 66290 | Zig:16   | Lost mutation: Your natural rate of healing is unusually
                  | fast. [potion of mutation]
 66290 | Zig:16   | Lost mutation: You expend magic power (3 MP) to strengthen
                  | your wands. [potion of mutation]
 66291 | Zig:16   | Lost mutation: Your body sometimes deteriorates upon taking
                  | damage. [potion of mutation]
 66291 | Zig:16   | Lost mutation: You are partially covered in iridescent
                  | scales. (AC +2) [potion of mutation]
 66295 | Zig:16   | Lost mutation: You have a pair of large horns on your head.
                  | [potion of mutation]
 66313 | Zig:16   | Identified the +5 leather armour of the Loofah {rPois rC+
                  | rCorr Slay-6}
 66334 | Zig:17   | Entered Level 17 of a ziggurat
 66339 | Zig:17   | Noticed a juggernaut
 66339 | Zig:17   | Noticed a juggernaut
 66342 | Zig:17   | Noticed a juggernaut
 66356 | Zig:17   | Killed a juggernaut
 66357 | Zig:17   | Killed a juggernaut
 66359 | Zig:17   | Killed a juggernaut
 66372 | Zig:17   | Noticed a juggernaut
 66387 | Zig:17   | Killed a juggernaut
 66390 | Zig:17   | Noticed a juggernaut
 66406 | Zig:17   | Killed a juggernaut
 66579 | Zig:17   | Found the ring of the Hare {EV+10}
 66625 | Zig:17   | Identified the ring of Rofetsoh {*Corrode Will+ Int+8
                  | Stlth+}
 66634 | Zig:17   | Identified the +10 short sword of the Grey Skies {spect,
                  | rElec Will++ Str+3 Int-5}
 66644 | Zig:17   | Identified the ring "Xaylof" {rElec rF+ rC+ Int-5 Dex+3}
 66742 | Pan      | Entered Pandemonium
 67068 | Pan      | Noticed Pianuuvu the pandemonium lord
 67083 | Pan      | Reached skill level 10 in Stealth
 67086 | Pan      | Killed Pianuuvu the pandemonium lord
 67181 | Pan      | Found an exit through the horrors of the Abyss.
 67757 | Pan      | Noticed Fayp the pandemonium lord
 67769 | Pan      | Killed Fayp the pandemonium lord
 67793 | Pan      | Got a demonic rune of Zot
 67842 | Pan      | Acquired the +2 pair of boots of Ynniofeu {rN+ rCorr MP+9}
 68375 | Pan      | Noticed Quzorub the pandemonium lord
 68397 | Pan      | Killed Quzorub the pandemonium lord
 68545 | Pan      | Found an exit through the horrors of the Abyss.
 68817 | Pan      | Paralysed by accursed screaming for 1 turns
 69138 | Pan      | Found an exit through the horrors of the Abyss.
 69196 | Pan      | Found a runed translucent door.
 69262 | Pan      | Noticed Rirer the pandemonium lord
 69272 | Pan      | Killed Rirer the pandemonium lord
 69786 | Pan      | Noticed Keuxtecke the pandemonium lord
 69799 | Pan      | Paralysed by a floating eye for 4 turns
 69810 | Pan      | Killed Keuxtecke the pandemonium lord
 69820 | Pan      | Identified the +0 plate armour of the Thoughtful Nights
                  | {rN+}
 70610 | Pan      | Noticed Vefic the pandemonium lord
 70626 | Pan      | Killed Vefic the pandemonium lord
 70761 | Pan      | Found an exit through the horrors of the Abyss.
 71049 | Pan      | Reached skill level 15 in Throwing
 71271 | Pan      | Noticed Rugroh the pandemonium lord
 71320 | Pan      | Killed Rugroh the pandemonium lord
 71967 | Pan      | Found a runed translucent door.
 71998 | Pan      | Reached skill level 15 in Dodging
 73445 | Pan      | Found a huge runed translucent gate.
 73447 | Pan      | Found a huge runed translucent gate.
 73448 | Pan      | Found a huge runed translucent gate.
 73449 | Pan      | Found a huge runed translucent gate.
 73449 | Pan      | Found a huge runed translucent gate.
 73451 | Pan      | Found a huge runed translucent gate.
 73452 | Pan      | Found a huge runed translucent gate.
 73461 | Pan      | Noticed Tununkew the pandemonium lord
 73485 | Pan      | Killed Tununkew the pandemonium lord
 74083 | Pan      | Noticed Pudgheoc the pandemonium lord
 74093 | Pan      | Killed Pudgheoc the pandemonium lord
 75372 | Pan      | Noticed Diemn the pandemonium lord
 75388 | Pan      | Killed Diemn the pandemonium lord
 75817 | Pan      | Entered the realm of Gloorx Vloq.
 75907 | Pan      | Identified the orb of the Moon {*Rage, rF+ Int+3}
 76146 | Pan      | Noticed Gloorx Vloq
 76169 | Pan      | Killed Gloorx Vloq
 76189 | Pan      | Got a dark rune of Zot
 76399 | Pan      | Identified the +7 flail "Yner" {drain, Will++ Str-4 Dex+2}
 77195 | Pan      | Noticed Hiunasho the pandemonium lord
 77211 | Pan      | Killed Hiunasho the pandemonium lord
 77586 | Pan      | Noticed Kaabb the pandemonium lord
 77604 | Pan      | Killed Kaabb the pandemonium lord
 79220 | Pan      | Noticed Ypniysma the pandemonium lord
 79268 | Pan      | Killed Ypniysma the pandemonium lord
 80394 | Pan      | Entered the realm of Cerebov.
 80445 | Pan      | Found the +6 sword of Cerebov {flame}
 80445 | Pan      | Noticed Cerebov
 80836 | Pan      | Reached skill level 27 in Armour
 80883 | Pan      | Identified the amulet "Zom Bima" {RegenMP Contam rElec
                  | Int+4}
 81001 | Pan      | Killed Cerebov
 81130 | Pan      | Identified the staff of earth "Zenif" {Str+2}
 81387 | Pan      | Reached skill level 27 in Invocations
 81390 | Pan      | Identified the ring "Gutharch" {rCorr Dex+3}
 81394 | Pan      | Got Xudwekh's Volume of Viperous Graupel
 81406 | Pan      | Identified the +2 long sword "Gatocuase" {venom, rCorr
                  | Dex+6}
 81463 | Pan      | Identified the staff of fire "Baliqad" {rPois rF+ Int+4
                  | Stlth-}
 81464 | Pan      | Identified the +0 falchion of Sudden Death {elec, rPois
                  | rN++ Int+2}
 81480 | Pan      | Identified the +0 whip "Ugoj" {heavy, Will- Int+6}
 81535 | Pan      | Got a fiery rune of Zot
 81681 | Pan      | Noticed Mapuorr the pandemonium lord
 81695 | Pan      | Killed Mapuorr the pandemonium lord
 81748 | Pan      | Found a transporter.
 81991 | Pan      | Found a transporter.
 81995 | Pan      | Identified the amulet of Ecaamn {Spirit Int+2}
 82008 | Pan      | Identified the amulet "Voym" {RegenMP rN+}
 82396 | Pan      | Found an exit through the horrors of the Abyss.
 82803 | Pan      | Entered the realm of Mnoleg.
 82833 | Pan      | Paralysed by a floating eye for 2 turns
 82847 | Pan      | Paralysed by a floating eye for 2 turns
 82917 | Pan      | Noticed Mnoleg
 82923 | Pan      | Paralysed by a floating eye for 4 turns
 82930 | Pan      | Paralysed by a floating eye for 4 turns
 82937 | Pan      | Paralysed by a floating eye for 3 turns
 82940 | Pan      | Killed Mnoleg
 83007 | Pan      | Acquired a manual of Earth Magic
 83521 | Pan      | Got a glowing rune of Zot
 83594 | Pan      | Found an exit through the horrors of the Abyss.
 84501 | Pan      | Entered the realm of Lom Lobon.
 84507 | Pan      | Noticed Lom Lobon
 84531 | Pan      | Killed Lom Lobon
 84671 | Pan      | Got a magical rune of Zot
 85415 | Pan      | Noticed Minnil the pandemonium lord
 85435 | Pan      | Killed Minnil the pandemonium lord
 85539 | Pan      | Identified the ring "Tatyffoi" {EV+5 SInv}
 85925 | Pan      | Found an exit through the horrors of the Abyss.
 86893 | Pan      | Took an exit into the Abyss.
 86893 | Abyss:5  | Escaped into the Abyss
 86896 | Abyss:5  | Found a corrupted altar of Lugonu.
 86911 | Abyss:5  | Found a corrupted altar of Lugonu.
 86931 | Abyss:5  | Noticed a juggernaut
 86941 | Abyss:5  | Killed a juggernaut
 87040 | Abyss:5  | Found a corrupted altar of Lugonu.
 87060 | Abyss:5  | Got an abyssal rune of Zot
 87067 | Depths:2 | Escaped the Abyss
 87221 | Hell     | Entered the Vestibule of Hell
 87222 | Hell     | Noticed Geryon
 87244 | Hell     | Killed Geryon
 87287 | Hell     | Found a gateway to the decaying netherworld of Tartarus.
 87441 | Hell     | Found a gateway to the ashen valley of Gehenna.
 87705 | Hell     | Found a gateway to the Iron City of Dis.
 88104 | Hell     | Found a gateway to the freezing wastes of Cocytus.
 88360 | Geh:1    | Entered Level 1 of Gehenna
 88364 | Geh:1    | Noticed a dread lich
 88372 | Geh:1    | Killed a dread lich
 88919 | Geh:4    | Reached skill level 5 in Evocations
 89102 | Geh:5    | You are sucked into a shaft and drop 1 floor!
 89383 | Geh:7    | Entered Level 7 of Gehenna
 90715 | Geh:7    | Found the +13 sceptre of Asmodeus
 90715 | Geh:7    | Noticed Asmodeus
 90731 | Geh:7    | Killed Asmodeus
 90766 | Geh:7    | Found the +7 sceptre of Torment {pain, torment}
 90783 | Geh:7    | Identified the ring of Wiugilek {Ice rCorr}
 90795 | Geh:7    | Identified the ring of Makhleb's Envy {rC++ Will++ Str-4
                  | Slay+4}
 90797 | Geh:7    | Identified the scarf of Voity {harm, rC- Str+9 Dex+3
                  | Stlth-}
 90798 | Geh:7    | Identified the +10 short sword of Grandeur {flame, Fly
                  | Str+3}
 90809 | Geh:7    | Identified the +7 scimitar "Wenorgh" {freeze, Dex+4 Stlth+}
 90810 | Geh:7    | Identified the +1 broad axe "Orb Guardian's Foe" {heavy,
                  | rN++ Str+4}
 90824 | Geh:7    | Identified the +6 trident "Vokkenk" {freeze, *Noise rPois
                  | Dex+7}
 90834 | Geh:7    | Got an obsidian rune of Zot
 91096 | Tar:1    | Entered Level 1 of Tartarus
 91851 | Tar:5    | Noticed a dread lich
 91857 | Tar:5    | Paralysed by a dread lich for 5 turns
 91865 | Tar:5    | Killed a dread lich
 92882 | Tar:7    | Entered Level 7 of Tartarus
 92993 | Tar:7    | Reached skill level 10 in Evocations
 93346 | Tar:7    | Noticed Ereshkigal
 93377 | Tar:7    | Killed Ereshkigal
 93447 | Tar:7    | Got a bone rune of Zot
 96338 | Tar:7    | Identified the ring of Tuoth {Contam rF+ rC+ MP+9 Dex+3}
 96636 | Tar:7    | Identified the amulet of Moanot {Faith rElec rC- Will+
                  | Str+3}
 96652 | Tar:7    | Identified the +5 battleaxe "Vethruasah" {freeze, rElec
                  | rCorr Str-5 Stlth+}
 96816 | Tar:7    | Identified the +6 arbalest "Xechyod" {heavy, rF+ Str+4}
 96817 | Tar:7    | Identified the ring of Wyqoeva {MP+9 Stlth+}
 96820 | Tar:7    | Identified the staff of earth "Goguo" {Int+4}
 96843 | Tar:7    | Identified the ring "Jyom" {Ice Dex+5 Stlth-}
 96869 | Tar:7    | Identified the staff of death "Jialue" {rElec rN+}
 96870 | Tar:7    | Identified the amulet of Diry {Acrobat Int+5}
 97589 | Coc:1    | Entered Level 1 of Cocytus
 98887 | Coc:5    | You are sucked into a shaft and drop 1 floor!
 99154 | Coc:7    | Entered Level 7 of Cocytus
 99685 | Coc:7    | Paralysed by a wendigo for 1 turns
 99887 | Coc:7    | Noticed Antaeus
 99931 | Coc:7    | Killed Antaeus
 99932 | Coc:7    | Reached skill level 27 in Throwing
100058 | Coc:7    | Got an icy rune of Zot
100067 | Coc:7    | Identified the staff of cold "Exkic" {rC+ Str+3}
100131 | Coc:7    | Paralysed by a wendigo for 1 turns
100175 | Coc:7    | Paralysed by a wendigo for 1 turns
100181 | Coc:7    | Reached skill level 15 in Evocations
100186 | Coc:7    | Paralysed by a wendigo for 1 turns
100374 | Coc:7    | Identified the +2 ring mail of the Bells {-Tele rC++ rN+}
100385 | Coc:7    | Identified the staff of fire "Kiluar" {rF+ rCorr}
100387 | Coc:7    | Identified the +4 chain mail of the Sun {Fly Slay+3}
100399 | Coc:7    | Identified the +9 shortbow of the Evening {elec, Fly rF+
                  | Will+ Int-4}
100538 | Dis:1    | Entered Level 1 of the Iron City of Dis
101011 | Dis:4    | Reached skill level 27 in Dodging
101828 | Dis:6    | Found a burning altar of Makhleb.
102630 | Dis:7    | Entered Level 7 of the Iron City of Dis
103354 | Dis:7    | Killed from afar by a Hell Sentinel

Illustrated notes

Levels and vault maps discovered:
D:1:      kennysheep_arrival_forest, layout_loops_ring
D:2:      layout_basic, minmay_split_cup_small
D:3:      layout_basic, uniq_ijyb, uniq_natasha, uniq_grinder,
          uniq_crazy_yiuf_cottage, uniq_robin
D:4:      layout_basic, bloody_trog, mainiacjoe_overflow_alcove_4,
          evilmike_ruin_ashenzari, cheibrodos_sewer_entry_bend,
          minmay_goblin_kobold_house
D:5:      layout_basic, mainiacjoe_overflow_alcove_2, grunt_ministairs_13
D:6:      layout_basic, minmay_temple_entry_overgrown
D:7:      layout_basic, enter_bailey_1, kennysheep_generic_room_10
D:8:      layout_basic, old_standard_altar, grunt_temple_overflow_opulence,
          serial_shops, kennysheep_mini_moat, nicolae_shop_tiny_waterfront,
          nicolae_shop_temple_entry_statues_fountains
D:9:      layout_roguey, david_orc_5, serial_shops, nicolae_shop_hallway_plus,
          serial_bayou_pond_e
D:10:     layout_roguey, nicolae_yredelemnul_ghost_church,
          nicolae_figureground_sparkle
D:11:     layout_stronghold, erik_lair_dragon, grunt_ministairs_12
D:12:     layout_long_grid, gauntlet_entry_generic, zin_treasury, uniq_maurice,
          uniq_rupert, uniq_lodul
D:13:     layout_loops_ring, serial_glass, glass_columns_c, glass_columns_b,
          serial_shops, shop
D:14:     layout_basic, david_vaults_1, grunt_dithmenos_shadows,
          gammafunk_ghost_hydra_chop, nicolae_two_hexagons, led_sif_book,
          uniq_azrael, uniq_kirke
D:15:     hangedman_depths_entry_civil_slaughter, layout_gridville,
          grunt_decor_clamped, minmay_misc_feat_pillars
Temple:   dpeg_chambers_temple
Lair:1:   layout_long_grid, kennysheep_rathole, uniq_grum
Lair:2:   layout_long_grid, spider_nest_entry_funnel_web, lemuel_fruit_fields,
          lemuel_fruit_fields
Lair:3:   dreamdust_cave_troll, layout_small_grid, minmay_swamp_entry_worms,
          basic_altar, st_stairs_13, uniq_sonja
Lair:4:   layout_long_grid, slime_entry_2, fungi_pond_lemuel
Lair:5:   due_jungle_book, layout_misc_corridors, grunt_megastairs_4,
          uniq_nessos
Swamp:1:  layout_basic_swamp, evilmike_swamp_ruin_house_3, swamp_pool2
Swamp:2:  layout_falls_marsh, evilmike_swamp_ruin_rubble_1
Swamp:3:  layout_falls_marsh, nicolae_swamp_little_tower
Swamp:4:  swamp_pestilence, layout_basic_swamp, gammafunk_ghost_cemetery,
          swamp_pool1, nicolae_swamp_alligator_family, infiniplex_staircase_pool
Spider:1: layout_chambers, uniq_louise
Spider:2: nicolae_spider_jumping_over_cracks [nicolae_spider_jumping_sub_notch,
          nicolae_spider_jumping_sub_shuffled, nicolae_spider_jumping_sub_plain,
          nicolae_spider_jumping_sub_stairs], spiders_nest_spider_trap,
          uniq_frances, uniq_arachne, uniq_jorgrun
Spider:3: layout_spider_delve
Spider:4: grunt_spider_rune_island, nicolae_spider_spiderdrome, uniq_asterion
Slime:1:  layout_caves
Slime:2:  layout_caves
Slime:3:  nicolae_slime_infinislime, layout_caves
Slime:4:  layout_caves
Slime:5
Orc:1:    layout_caves, serial_shops, nicolae_shop_just_a_little_nook
Orc:2:    grunt_orc_tribal_feast, layout_diamond_mine, uniq_josephine
Elf:1:    gammafunk_the_bubble [the_bubble_gammafunk_split], layout_onion_city,
          serial_shops, nicolae_book_shop_shelving, minmay_elf_demonology,
          drop_trap, hangedman_feature_mirror
Elf:2:    nicolae_elf_blades_splatter_lattice [nicolae_blade_lattice],
          layout_geoelf_octagon, minmay_shop_star
Elf:3:    minmay_elf_hall_four_x, layout_geoelf_octagon, uniq_donald
Vaults:1: hangedman_vaults_variations, v_misc_11, v_misc_8, grunt_vaults_twisty,
          vaults_mumra_lcd, v_misc_19, nicolae_vaults_more_shelving_1,
          hangedman_vaults_maws, dpeg_vaults_monster_box, st_more_cells,
          layout_vaults_omnicross, serial_shops, nicolae_book_shop_shelving,
          shop, uniq_saint_roka
Vaults:2: nicolae_vaults_heart-shaped_vault, minmay_crypt_entry_simple_round,
          vaults_mumra_minichess_inversion, v_alt_pattern_2, vaults_room_pools,
          v_pattern_3, ontoclasm_vaults_decontamination, layout_vaults_quadrants
Vaults:3: nicolae_vaults_twisting_passages, nicolae_vaults_quartermaster,
          nicolae_vaults_network_periphery, nicolae_vaults_mini_display_case,
          dpeg_vaults_monster_row, nicolae_vaults_stepped_doors,
          nicolae_vaults_little_squares_5, nicolae_vaults_house_3, v_misc_1,
          nicolae_vaults_tetromino_T_1, nicolae_vaults_tetromino_Z_2,
          ontoclasm_vaults_pinch, layout_vaults_chaotic_city, serial_shops,
          nicolae_shop_waterfront, uniq_mennas
Vaults:4: v_pattern_4, v_misc_28, v_rooms_5, nicolae_vaults_wrenched, v_misc_22,
          v_alt_pattern_2, nicolae_vaults_oval_intersection, v_misc_29,
          ontoclasm_vaults_tryst, nicolae_vaults_specimen_jars,
          vaults_room_semicircle, nicolae_vaults_trapezoid_2,
          nicolae_vaults_little_squares_6, layout_vaults_maze_snakey
Vaults:5
Crypt:1:  layout_misc_corridors, basic_altar, pandoras_box_mu,
          grunt_crypt_arrival_guarded_gate, grunt_megastairs_5, uniq_josephina
Crypt:2:  layout_chaotic_city, minivault_25, grunt_megastairs_3, uniq_margery,
          uniq_zenata, uniq_jory
Crypt:3:  church_of_pain_bobbens, layout_chaotic_city,
          nicolae_tomb_entry_grand_gallery
Tomb:1
Depths:1: layout_basic, enter_ziggurat_c, pf_vacation_house_of_asmodeus,
          abyss_entry_flame_altar, serial_shops, shop, minmay_misc_feat_roman,
          minmay_hollow_rounded_squares, grunt_megastairs_1,
          serial_bayou_shore_a, uniq_nikola, uniq_sojobo
Depths:2: minmay_diamond_stairs, layout_honeycomb, hell_entry,
          rand_demon_pan_entry_4, kennysheep_nub, nrook_kobold_shadow_demons
Depths:3: cheibrodos_tormentor_scu, layout_cave_pools, hell_entry,
          hangedman_abyss_entry_splay, lemuel_doored_altar,
          kennysheep_underground_church, serial_bayou_shore_b, uniq_boris,
          uniq_enchantress
Depths:4: evilmike_zot_entry_basic, layout_basic, mu_enter_wizlab_3,
          lightli_too_deep
Hell
Dis:1:    layout_jigsaw
Dis:2:    layout_regular_city
Dis:3:    layout_subdivisions
Dis:4:    layout_gridville, nicolae_dis_fourth_circle
Dis:5:    layout_subdivisions, nicolae_dis_metal_dragon_surprise
Dis:6:    kennysheep_iron_temple, layout_regular_city
Dis:7:    dis_st
Geh:1:    layout_gehenna_lava_caves
Geh:2:    layout_gehenna_pools_box, lemuel_old_faithful
Geh:3:    layout_gehenna_lava_caves
Geh:4:    layout_gehenna_pools_basic
Geh:5:    layout_gehenna_lava_caves
Geh:6:    layout_gehenna_lava_caves
Geh:7:    geh_mu
Coc:1:    layout_ice_bergs
Coc:2:    layout_cocytus_water_paths
Coc:3:    layout_cocytus_delve
Coc:4:    layout_ice_bergs
Coc:5:    layout_cocytus_delve
Coc:6:    layout_cocytus_water_paths
Coc:7:    coc_hangedman
Tar:1:    layout_cathedral_of_symmetry
Tar:2:    layout_cathedral_of_symmetry
Tar:3:    layout_catacombs, nicolae_tar_cuneiform_water
Tar:4:    layout_grid_maze, nicolae_tar_spectre_spectrum
Tar:5:    layout_catacombs
Tar:6:    layout_catacombs
Tar:7:    tar_mu [tar_mu_maze]

Skill      XL: |  1  2  3  4  5  6  7  8  9 10 11 12 13 14 15 16 17 18 19 20 21 22 23 24 25 26 27 |
---------------+----------------------------------------------------------------------------------+-----
Axes           | 4 5 6 7 8 9 10 12 14 16 17 18 19 20 21 22 23 24 25 26 27 | 27.0
Fighting       | 4 5 6 7 8 9 11 12 13 14 16 17 18 20 21 22 25 26 27 | 27.0
Armour         | 3 4 5 7 9 10 11 12 13 14 15 16 17 18 19 20 21 22 27 | 27.0
Dodging        | 2 3 4 5 6 9 27 | 27.0
Stealth        | 1 2 4 5 13 | 13.7
Shields        | 2 4 5 6 7 9 11 13 14 16 17 18 19 20 22 23 26 27 | 27.0
Invocations    | 3 5 7 9 10 12 14 15 16 18 27 | 27.0
Throwing       | 3 5 7 9 11 12 13 27 | 27.0
Evocations     | 21 | 21.0
Maces & Flails | |  0.5

Action                     |  1- 3 |  4- 6 |  7- 9 | 10-12 | 13-15 | 16-18 | 19-21 | 22-24 | 25-27 || total
---------------------------+-------+-------+-------+-------+-------+-------+-------+-------+-------++-------
  Melee: Hand axe          |   106 |   117 |   291 |       |       |       |       |       |       ||   514
         Headbutt          |    17 |    15 |    45 |   136 |   177 |   389 |   300 |   398 |  2117 ||  3594
         Broad axe         |       |       |    38 |   743 |   776 |  1425 |  1304 |  1240 |  6404 || 11930
         Flail             |       |       |       |       |     7 |       |       |       |       ||     7
  Throw: Boomerang         |       |       |       |       |       |     4 |       |       |    10 ||    14
         Javelin           |       |       |       |       |       |     4 |       |       |    35 ||    39
 Invoke: Renounce Religion |     1 |       |       |       |       |       |       |       |       ||     1
         Depart the Abyss  |       |       |     1 |       |       |       |       |       |       ||     1
         Banish            |       |       |       |     5 |     9 |       |    14 |       |       ||    28
         Brand Weapon With |       |       |       |       |       |     1 |       |       |       ||     1
         Corrupt           |       |       |       |       |       |       |       |     1 |       ||     1
         Cleansing Flame   |       |       |       |       |       |       |       |     4 |       ||     4
         Recite            |       |       |       |       |       |       |       |    11 |   131 ||   142
         Vitalisation      |       |       |       |       |       |       |       |     6 |   155 ||   161
         Donate Gold       |       |       |       |       |       |       |       |     1 |       ||     1
         Brand Weapon With |       |       |       |       |       |       |       |     1 |       ||     1
         Sanctuary         |       |       |       |       |       |       |       |       |     1 ||     1
  Evoke: Piece from Xom's  |       |       |     1 |       |       |       |       |       |       ||     1
         Wand              |       |       |       |       |       |     2 |     3 |       |    20 ||    25
    Use: Scroll            |     6 |     6 |    12 |     5 |     9 |     9 |    11 |     5 |    23 ||    86
         Potion            |       |       |    19 |     4 |     3 |     4 |    11 |     3 |    29 ||    73
   Stab: Paralysed         |       |     1 |     4 |       |       |       |       |       |    13 ||    18
         Invisible         |       |       |     9 |       |       |       |       |     1 |     8 ||    18
         Confused          |       |       |       |     1 |       |       |       |     1 |    62 ||    64
         Distracted        |       |       |       |       |       |     2 |       |     2 |     2 ||     6
 Armour: Ring mail         |    10 |       |       |       |       |       |       |       |       ||    10
         Chain mail        |    43 |    61 |   171 |       |       |       |       |       |       ||   275
         Leather armour    |     3 |       |       |       |       |       |       |       |       ||     3
         Plate armour      |       |       |    44 |   332 |   450 |   856 |   364 |       |       ||  2046
         Gold dragon scale |       |       |       |       |       |       |   304 |   431 |  1547 ||  2282
  Dodge: Dodged            |    34 |    43 |   117 |   458 |   438 |   542 |   334 |   209 |  2070 ||  4245
  Block: Buckler           |     3 |    13 |    62 |   187 |     2 |       |       |       |       ||   267
         Kite shield       |       |       |       |       |   547 |   972 |   792 |   867 |  1470 ||  4648
         Reflection        |       |       |       |       |       |       |       |     7 |   235 ||   242
         Tower shield      |       |       |       |       |       |       |       |       |  5155 ||  5155
